Workbook
Name \c: #REF!
Name \I: #REF!
Name \S: #REF!
Name \x: #REF!
Name \z: #REF!
Name _\0: #REF!
Name _\1: #REF!
Name _\2: #REF!
Name _\a: #REF!
Name _\I: #REF!
Name _\m: #REF!
Name _\p: #REF!
Name _\s: #REF!
Name __\c: #REF!
Name __\P: #REF!
Name __\x: #REF!
Name ___\P: #REF!
Name ___\z: #REF!
Name ____\0: #REF!
Name ____\a: #REF!
Name ____\I: #REF!
Name ____\S: #REF!
Name ____\z: #REF!
Name _____\z: #REF!
Name ______\S: #REF!
Name _______\I: #REF!
Name ________\0: #REF!
Name ________\1: #REF!
Name ________\2: #REF!
Name ________\a: #REF!
Name ________\I: #REF!
Name ________\m: #REF!
Name ________\p: #REF!
Name ________\s: #REF!
Name ___________________________PM334: #REF!
Name ___________________________PM335: #REF!
Name ___________________________pm346: #REF!
Name ___________________________PM406: #REF!
Name ___________________________PM970: #REF!
Name __________________________OUT98: #REF!
Name __________________________PL1: #REF!
Name __________________________PM334: #REF!
Name __________________________PM335: #REF!
Name __________________________pm346: #REF!
Name __________________________PM406: #REF!
Name __________________________PM970: #REF!
Name _________________________OUT98: #REF!
Name _________________________PM334: #REF!
Name _________________________PM335: #REF!
Name _________________________pm346: #REF!
Name _________________________PM406: #REF!
Name _________________________PM970: #REF!
Name ________________________OUT98: #REF!
Name ________________________PM334: #REF!
Name ________________________PM335: #REF!
Name ________________________pm346: #REF!
Name ________________________PM406: #REF!
Name ________________________PM970: #REF!
Name _______________________OUT98: #REF!
Name _______________________PCM30: #REF!

Sheet RESUMO
C1: GOINFRA - Agência Goiana de Infraestrutura e Transportes
C3: Orçamento Sintético
B4: Setor:
B5: Orçamento: | E5: Data Orçamento: 04/07/2024
B6: Descrição: | C6: ELABORAÇÃO DOS ORÇAMENTOS DAS REABILITAÇÕES FUNCIONAIS GO-210 E GO-301
B7: Versão: | C7: ORÇAMENTO REALIZADO NA TABELA DE TERRAPLENAGEM, PAVIMENTAÇÃO E OBRAS DE ARTE ESPECIAIS - ABRIL/24 - SEM DESONERAÇÃO - T247
B8: Trecho:
B9: Nat. Serviço:
B10: Extensão km: | C10: ='Orçamento Sintético GO-210'!C10+'Orçamento Sintético GO-301'!C10 -> 97.82
E12: Data Base : 01/04/2024
A13: RESUMO
A14: Item | B14: Código | C14: Descrição | D14: Total
A15: 1 | B15: 202300036012155-1-3 | C15: REABILITAÇÃO FUNCIONAL DA GO-210 TRECHO: ENTR. BR-352(A) DIV. GO/MG / ENTR.GO-592 - TRECHO 01 - (EXTENSÃO: 46,21KM) | D15: ='Orçamento Sintético GO-210'!$E$115 -> 20823927
A16: 2 | B16: 202300036012155-2-3 | C16: REABILITAÇÃO FUNCIONAL DA GO-301/ GO-457/ GO-213, TRECHO: ENTR. BR-506(A)/ENTR. GO- 506(B) - TRECHO 02 - (EXTENSÃO: 51,61KM) | D16: ='Orçamento Sintético GO-301'!E115 -> 21414808
C17: TOTAL GERAL: | D17: =D15+D16 -> 42238735

Sheet Orçamento Sintético GO-210
C1: GOINFRA - Agência Goiana de Infraestrutura e Transportes
C3: Orçamento Sintético
B4: Setor:
B5: Orçamento: | F5: Data Orçamento: 04/07/2024
B6: Descrição: | C6: ELABORAÇÃO DOS ORÇAMENTOS DAS REABILITAÇÕES FUNCIONAIS GO-210
B7: Versão: | C7: =RESUMO!C7 -> ORÇAMENTO REALIZADO NA TABELA DE TERRAPLENAGEM, PAVIMENTAÇÃO E OBRAS DE ARTE ESPECIAIS - ABRIL/24 - SEM DESONERAÇÃO - T247
B8: Trecho:
B9: Nat. Serviço:
B10: Extensão km: | C10: 46.21
B11: BDI: | C11: 0.206
F12: Data Base : 01/04/2024
A13: Orçamento Sintético
A14: Item | B14: Código | C14: Descrição | D14: Und | E14: Quant. | F14: Valor Unit | G14: Total
A15: 1 | C15: REPAROS LOCALIZADOS SUPERFICIAIS | E15: 1 | G15: =SUM(G16:G28) -> 1328254.3
A16: 1.1 | B16: 40465 | C16: FRESAGEM DESCONTÍNUA À FRIO | D16: m3 | E16: 548.09 | F16: =VLOOKUP(B16,'Table T-247'!A:D,4,0) -> 194.82 | G16: =ROUND(E16 * F16, 2) -> 106778.89
A17: 1.2 | B17: 40430 | C17: TRANSPORTE DE PAVIMENTO REMOVIDO | D17: m3km | E17: 2740.44 | F17: =VLOOKUP(B17,'Table T-247'!A:D,4,0) -> 3.2 | G17: =ROUND(E17 * F17, 2) -> 8769.41
A18: 1.3 | B18: 40385 | C18: PINTURA DE LIGAÇÃO | D18: m2 | E18: 27404.4 | F18: =VLOOKUP(B18,'Table T-247'!A:D,4,0) -> 0.38 | G18: =ROUND(E18 * F18, 2) -> 10413.67
A19: 1.4 | B19: 40510 | C19: FORNECIMENTO DE EMULSÃO RR-1C | D19: T | E19: 13.7 | F19: =VLOOKUP(B19,'Table T-247'!A:D,4,0) -> 3394.06 | G19: =ROUND(E19 * F19, 2) -> 46498.62
A20: 1.5 | B20: 40435 | C20: TRANSPORTE LOCAL DE MATERIAL BETUMINOSO | D20: TKM | E20: 316.59 | F20: =VLOOKUP(B20,'Table T-247'!A:D,4,0) -> 2.74 | G20: =ROUND(E20 * F20, 2) -> 867.46
A21: 1.6 | B21: 40602 | C21: CONCRETO BETUMINOSO USINADO À QUENTE - CBUQ | D21: m3 | E21: 548.09 | F21: =VLOOKUP(B21,'Table T-247'!A:D,4,0) -> 482.07 | G21: =ROUND(E21 * F21, 2) -> 264217.75
A22: 1.7 | B22: 40455 | C22: TRANSPORTE COMERCIAL DE AGREGADOS | D22: m3km | E22: 1641.63 | F22: =VLOOKUP(B22,'Table T-247'!A:D,4,0) -> 1.38 | G22: =ROUND(E22 * F22, 2) -> 2265.45
A23: 1.8 | B23: 40455 | C23: TRANSPORTE COMERCIAL DE AGREGADOS | D23: m3km | E23: 6353.44 | F23: =VLOOKUP(B23,'Table T-247'!A:D,4,0) -> 1.38 | G23: =ROUND(E23 * F23, 2) -> 8767.75
A24: 1.9 | B24: 40450 | C24: TRANSPORTE COMERCIAL DE CIMENTO / CAL / FILLER | D24: TKM | E24: 36.83 | F24: =VLOOKUP(B24,'Table T-247'!A:D,4,0) -> 0.75 | G24: =ROUND(E24 * F24, 2) -> 27.62
A25: 1.10 | B25: 40530 | C25: TRANSPORTE COMERCIAL DE MATERIAL BETUMINOSO (DT=351,00KM) | D25: tkm | E25: 32512.03 | F25: =VLOOKUP(B25,'Table T-247'!A:D,4,0) -> 1.83 | G25: =ROUND(E25 * F25, 2) -> 59497.01
A26: 1.11 | B26: 40440 | C26: TRANSPORTE LOCAL DE MASSA ASFÁLTICA | D26: TKM | E26: 30392.58 | F26: =VLOOKUP(B26,'Table T-247'!A:D,4,0) -> 1.53 | G26: =ROUND(E26 * F26, 2) -> 46500.65
A27: 1.12 | B27: 40460 | C27: TRANSPORTE COMERCIAL DE MASSA | D27: TKM | E27: 461709.33 | F27: =VLOOKUP(B27,'Table T-247'!A:D,4,0) -> 0.91 | G27: =ROUND(E27 * F27, 2) -> 420155.49
A28: 1.13 | B28: 40525 | C28: FORNECIMENTO DE CAP-50/70 | D28: T | E28: 78.92 | F28: =VLOOKUP(B28,'Table T-247'!A:D,4,0) -> 4479.15 | G28: =ROUND(E28 * F28, 2) -> 353494.52
A29: 2 | C29: REPAROS LOCALIZADOS PROFUNDOS | E29: 1 | G29: =SUM(G30:G48) -> 1599930.7
A30: 2.1 | B30: 40423 | C30: ESCARIFICAÇÃO DE PAVIMENTO ASFÁLTICO | D30: m3 | E30: 998.88 | F30: =VLOOKUP(B30,'Table T-247'!A:D,4,0) -> 5.35 | G30: =ROUND(E30 * F30, 2) -> 5344.01
A31: 2.2 | B31: 40430 | C31: TRANSPORTE DE PAVIMENTO REMOVIDO | D31: m3km | E31: 4994.42 | F31: =VLOOKUP(B31,'Table T-247'!A:D,4,0) -> 3.2 | G31: =ROUND(E31 * F31, 2) -> 15982.14
A32: 2.3 | B32: 40375 | C32: ESTABILIZAÇÃO SOLO-CIMENTO 3% PESO - PISTA | D32: m3 | E32: 665.92 | F32: =VLOOKUP(B32,'Table T-247'!A:D,4,0) -> 71.87 | G32: =ROUND(E32 * F32, 2) -> 47859.67
A33: 2.4 | B33: 40317 | C33: FORNECIMENTO DE MATERIAL DE JAZIDA (CASCALHO) | D33: m3 | E33: 865.7 | F33: =VLOOKUP(B33,'Table T-247'!A:D,4,0) -> 22.56 | G33: =ROUND(E33 * F33, 2) -> 19530.19
A34: 2.5 | B34: 40320 | C34: TRANSPORTE DE MATERIAL DE JAZIDA (CASCALHO) | D34: m3km | E34: 255470.02 | F34: =VLOOKUP(B34,'Table T-247'!A:D,4,0) -> 2.83 | G34: =ROUND(E34 * F34, 2) -> 722980.16
A35: 2.6 | B35: 40450 | C35: TRANSPORTE COMERCIAL DE CIMENTO / CAL / FILLER | D35: TKM | E35: 14686.38 | F35: =VLOOKUP(B35,'Table T-247'!A:D,4,0) -> 0.75 | G35: =ROUND(E35 * F35, 2) -> 11014.79
A36: 2.7 | B36: 40449 | C36: TRANSPORTE LOCAL DE CIMENTO / CAL / FILLER | D36: tkm | E36: 953.17 | F36: =VLOOKUP(B36,'Table T-247'!A:D,4,0) -> 1.47 | G36: =ROUND(E36 * F36, 2) -> 1401.16
A37: 2.8 | B37: 40380 | C37: IMPRIMAÇÃO | D37: m2 | E37: 6659.22 | F37: =VLOOKUP(B37,'Table T-247'!A:D,4,0) -> 0.47 | G37: =ROUND(E37 * F37, 2) -> 3129.83
A38: 2.9 | B38: 40480 | C38: FORNECIMENTO DE CM-30 | D38: T | E38: 7.99 | F38: =VLOOKUP(B38,'Table T-247'!A:D,4,0) -> 6920.01 | G38: =ROUND(E38 * F38, 2) -> 55290.88
A39: 2.10 | B39: 40385 | C39: PINTURA DE LIGAÇÃO | D39: m2 | E39: 6659.22 | F39: =VLOOKUP(B39,'Table T-247'!A:D,4,0) -> 0.38 | G39: =ROUND(E39 * F39, 2) -> 2530.5
A40: 2.11 | B40: 40510 | C40: FORNECIMENTO DE EMULSÃO RR-1C | D40: T | E40: 3.33 | F40: =VLOOKUP(B40,'Table T-247'!A:D,4,0) -> 3394.06 | G40: =ROUND(E40 * F40, 2) -> 11302.22
A41: 2.12 | B41: 40602 | C41: CONCRETO BETUMINOSO USINADO À QUENTE - CBUQ | D41: m3 | E41: 332.96 | F41: =VLOOKUP(B41,'Table T-247'!A:D,4,0) -> 482.07 | G41: =ROUND(E41 * F41, 2) -> 160510.03
... A48: 2.19 | B48: 40530 | C48: TRANSPORTE COMERCIAL DE MATERIAL BETUMINOSO (DT=351,00KM) | D48: tkm | E48: 20802.74 | F48: =VLOOKUP(B48,'Table T-247'!A:D,4,0) -> 1.83 | G48: =ROUND(E48 * F48, 2) -> 38069.01
A49: 3 | C49: RECICLAGEM DA BASE COM RECICLADORA E ADIÇÃO DE 20% DE BRITA E 2% DE CIMENTO | E49: 1 | G49: =SUM(G50:G59) -> 2152105.4
A50: 3.1 | B50: 40425 | C50: REMOÇÃO E CARGA DE PAV. ASFÁLTICA ( EXCETO TRANSPORTE) | D50: m3 | E50: 5904 | F50: =VLOOKUP(B50,'Table T-247'!A:D,4,0) -> 10.16 | G50: =ROUND(E50 * F50, 2) -> 59984.64
A51: 3.2 | B51: 40430 | C51: TRANSPORTE DE PAVIMENTO REMOVIDO | D51: m3km | E51: 29520 | F51: =VLOOKUP(B51,'Table T-247'!A:D,4,0) -> 3.2 | G51: =ROUND(E51 * F51, 2) -> 94464
A52: 3.3 | B52: 40645 | C52: RECICLAGEM DE BASE COM 20% DE BRITA E 2% DE CIMENTO EM PESO (BC) | D52: m3 | E52: 5904 | F52: =VLOOKUP(B52,'Table T-247'!A:D,4,0) -> 140.59 | G52: =ROUND(E52 * F52, 2) -> 830043.36
A53: 3.4 | B53: 40455 | C53: TRANSPORTE COMERCIAL DE AGREGADOS | D53: m3km | E53: 460408.09 | F53: =VLOOKUP(B53,'Table T-247'!A:D,4,0) -> 1.38 | G53: =ROUND(E53 * F53, 2) -> 635363.16
A54: 3.5 | B54: 40450 | C54: TRANSPORTE COMERCIAL DE CIMENTO / CAL / FILLER | D54: TKM | E54: 90378.43 | F54: =VLOOKUP(B54,'Table T-247'!A:D,4,0) -> 0.75 | G54: =ROUND(E54 * F54, 2) -> 67783.82
A55: 3.6 | B55: 40445 | C55: TRANSPORTE LOCAL DE AGREGADOS | D55: m3km | E55: 39109.3 | F55: =VLOOKUP(B55,'Table T-247'!A:D,4,0) -> 2.05 | G55: =ROUND(E55 * F55, 2) -> 80174.07
A56: 3.7 | B56: 40449 | C56: TRANSPORTE LOCAL DE CIMENTO / CAL / FILLER | D56: tkm | E56: 5865.71 | F56: =VLOOKUP(B56,'Table T-247'!A:D,4,0) -> 1.47 | G56: =ROUND(E56 * F56, 2) -> 8622.59
A57: 3.8 | B57: 40480 | C57: FORNECIMENTO DE CM-30 | D57: T | E57: 47.23 | F57: =VLOOKUP(B57,'Table T-247'!A:D,4,0) -> 6920.01 | G57: =ROUND(E57 * F57, 2) -> 326832.07
A58: 3.9 | B58: 40530 | C58: TRANSPORTE COMERCIAL DE MATERIAL BETUMINOSO (DT=351,00KM) | D58: tkm | E58: 16578.43 | F58: =VLOOKUP(B58,'Table T-247'!A:D,4,0) -> 1.83 | G58: =ROUND(E58 * F58, 2) -> 30338.53
A59: 3.10 | B59: 40380 | C59: IMPRIMAÇÃO | D59: m2 | E59: 39360 | F59: =VLOOKUP(B59,'Table T-247'!A:D,4,0) -> 0.47 | G59: =ROUND(E59 * F59, 2) -> 18499.2
A60: 4 | C60: TRATAMENTO SUPERFICIAL DUPLO - TSD | E60: 1 | G60: =SUM(G61:G68) -> 3738063.2
A61: 4.1 | B61: 40385 | C61: PINTURA DE LIGAÇÃO | D61: m2 | E61: 114800 | F61: =VLOOKUP(B61,'Table T-247'!A:D,4,0) -> 0.38 | G61: =ROUND(E61 * F61, 2) -> 43624
A62: 4.2 | B62: 40609 | C62: TRATAMENTO SUPERFICIAL DUPLO - TSD (BC) | D62: m2 | E62: 114800 | F62: =VLOOKUP(B62,'Table T-247'!A:D,4,0) -> 7.82 | G62: =ROUND(E62 * F62, 2) -> 897736
A63: 4.3 | B63: 40495 | C63: FORNECIMENTO DE EMULSÃO RR-2C COM POLÍMERO | D63: T | E63: 309.96 | F63: =VLOOKUP(B63,'Table T-247'!A:D,4,0) -> 4281.86 | G63: =ROUND(E63 * F63, 2) -> 1327205.3
A64: 4.4 | B64: 40510 | C64: FORNECIMENTO DE EMULSÃO RR-1C | D64: T | E64: 57.4 | F64: =VLOOKUP(B64,'Table T-247'!A:D,4,0) -> 3394.06 | G64: =ROUND(E64 * F64, 2) -> 194819.04
A65: 4.5 | B65: 40530 | C65: TRANSPORTE COMERCIAL DE MATERIAL BETUMINOSO (DT=351,00KM) | D65: tkm | E65: 128934.36 | F65: =VLOOKUP(B65,'Table T-247'!A:D,4,0) -> 1.83 | G65: =ROUND(E65 * F65, 2) -> 235949.88
A66: 4.6 | B66: 40435 | C66: TRANSPORTE LOCAL DE MATERIAL BETUMINOSO | D66: TKM | E66: 7161.63 | F66: =VLOOKUP(B66,'Table T-247'!A:D,4,0) -> 2.74 | G66: =ROUND(E66 * F66, 2) -> 19622.87
A67: 4.7 | B67: 40455 | C67: TRANSPORTE COMERCIAL DE AGREGADOS | D67: m3km | E67: 655737.6 | F67: =VLOOKUP(B67,'Table T-247'!A:D,4,0) -> 1.38 | G67: =ROUND(E67 * F67, 2) -> 904917.89
A68: 4.8 | B68: 40445 | C68: TRANSPORTE LOCAL DE AGREGADOS | D68: m3km | E68: 55701.53 | F68: =VLOOKUP(B68,'Table T-247'!A:D,4,0) -> 2.05 | G68: =ROUND(E68 * F68, 2) -> 114188.14
A69: 5 | C69: MICRO REVESTIMENTO - 1 CAMADA | E69: 1 | G69: =SUM(G70:G74) -> 4907026.3
A70: 5.1 | B70: 40611 | C70: MICRORREVESTIMENTO À FRIO - 0,8cm S/ COMPACTAÇÃO (BC) | D70: m2 | E70: 378922 | F70: =VLOOKUP(B70,'Table T-247'!A:D,4,0) -> 2.55 | G70: =ROUND(E70 * F70, 2) -> 966251.1
A71: 5.2 | B71: 40455 | C71: TRANSPORTE COMERCIAL DE AGREGADOS | D71: m3km | E71: 824534.27 | F71: =VLOOKUP(B71,'Table T-247'!A:D,4,0) -> 1.38 | G71: =ROUND(E71 * F71, 2) -> 1137857.3
A72: 5.3 | B72: 40450 | C72: TRANSPORTE COMERCIAL DE CIMENTO / CAL / FILLER | D72: TKM | E72: 24281.32 | F72: =VLOOKUP(B72,'Table T-247'!A:D,4,0) -> 0.75 | G72: =ROUND(E72 * F72, 2) -> 18210.99
A73: 5.4 | B73: 40530 | C73: TRANSPORTE COMERCIAL DE MATERIAL BETUMINOSO (DT=351,00KM) | D73: tkm | E73: 186202.27 | F73: =VLOOKUP(B73,'Table T-247'!A:D,4,0) -> 1.83 | G73: =ROUND(E73 * F73, 2) -> 340750.15
A74: 5.5 | B74: 40511 | C74: FORNECIMENTO DE EMULSÃO RC-1C COM POLÍMERO | D74: t | E74: 530.49 | F74: =VLOOKUP(B74,'Table T-247'!A:D,4,0) -> 4606.98 | G74: =ROUND(E74 * F74, 2) -> 2443956.8
A75: 6 | C75: MICRO REVESTIMENTO - 2 CAMADA | E75: 1 | G75: =SUM(G76:G80) -> 4191602.3
A76: 6.1 | B76: 40611 | C76: MICRORREVESTIMENTO À FRIO - 0,8cm S/ COMPACTAÇÃO (BC) | D76: m2 | E76: 323470 | F76: =VLOOKUP(B76,'Table T-247'!A:D,4,0) -> 2.55 | G76: =ROUND(E76 * F76, 2) -> 824848.5
A77: 6.2 | B77: 40455 | C77: TRANSPORTE COMERCIAL DE AGREGADOS | D77: m3km | E77: 703870.72 | F77: =VLOOKUP(B77,'Table T-247'!A:D,4,0) -> 1.38 | G77: =ROUND(E77 * F77, 2) -> 971341.59
A78: 6.3 | B78: 40450 | C78: TRANSPORTE COMERCIAL DE CIMENTO / CAL / FILLER | D78: TKM | E78: 24281.32 | F78: =VLOOKUP(B78,'Table T-247'!A:D,4,0) -> 0.75 | G78: =ROUND(E78 * F78, 2) -> 18210.99
A79: 6.4 | B79: 40530 | C79: TRANSPORTE COMERCIAL DE MATERIAL BETUMINOSO (DT=351,00KM) | D79: tkm | E79: 158953.16 | F79: =VLOOKUP(B79,'Table T-247'!A:D,4,0) -> 1.83 | G79: =ROUND(E79 * F79, 2) -> 290884.28
A80: 6.5 | B80: 40511 | C80: FORNECIMENTO DE EMULSÃO RC-1C COM POLÍMERO | D80: t | E80: 452.86 | F80: =VLOOKUP(B80,'Table T-247'!A:D,4,0) -> 4606.98 | G80: =ROUND(E80 * F80, 2) -> 2086317
A81: 7 | C81: SINALIZAÇÃO HORIZONTAL | E81: 1 | G81: =SUM(G82) -> 1672334.4
A82: 7.1 | B82: 40815 | C82: SINALIZAÇÃO HORIZONTAL COM RESINA ACRÍLICA (0,6 mm) | D82: m² | E82: 47523 | F82: =VLOOKUP(B82,'Table T-247'!A:D,4,0) -> 35.19 | G82: =ROUND(E82 * F82, 2) -> 1672334.4
A83: 8 | C83: ADMINISTRAÇÃO LOCAL | E83: 1 | G83: =SUM(G84) -> 587583.86
A84: 8.1 | B84: 42130 | C84: ADMINISTRAÇÃO LOCAL - TIPO B2 | D84: un | E84: 1 | F84: =VLOOKUP(B84,'Table T-247'!A:D,4,0) -> 587583.86 | G84: =ROUND(E84 * F84, 2) -> 587583.86
A85: 9 | C85: CANTEIRO DE OBRA | E85: 1 | G85: =SUM(G86) -> 484170.38
A86: 9.1 | B86: 42230 | C86: CANTEIRO DE OBRA - TIPO B2 | D86: un | E86: 1 | F86: =VLOOKUP(B86,'Table T-247'!A:D,4,0) -> 484170.38 | G86: =ROUND(E86 * F86, 2) -> 484170.38
A87: 10 | C87: MOBILIZAÇÃO | E87: 1 | G87: =SUM(G88) -> 162855.83
A88: 10.1 | B88: 42301 | C88: MOBILIZAÇÃO / DESMOBILIZAÇÃO - CONFORME DEMONSTRATIVO | D88: un | E88: 1 | F88: ='MOBI GO-210'!I53 -> 162855.83 | G88: =ROUND(E88 * F88, 2) -> 162855.83
C92: Total do Orçamento: | E92: =G87+G85+G83+G81+G75+G69+G60+G49+G29+G15 -> 20823927
C94: Discriminação | D94: Percentual | E94: Preço | F94: Preço/Km
C95: =C15 -> REPAROS LOCALIZADOS SUPERFICIAIS | D95: =E95/$E$115 -> 0.063785006 | E95: =G15 -> 1328254.3 | F95: =E95/$C$10 -> 28743.871
C97: =C29 -> REPAROS LOCALIZADOS PROFUNDOS | D97: =E97/$E$115 -> 0.076831366 | E97: =G29 -> 1599930.7 | F97: =E97/$C$10 -> 34623.041
C99: =C49 -> RECICLAGEM DA BASE COM RECICLADORA E ADIÇÃO DE 20% DE BRITA E 2% DE CIMENTO | D99: =E99/$E$115 -> 0.10334772 | E99: =G49 -> 2152105.4 | F99: =E99/$C$10 -> 46572.288
C101: =C60 -> TRATAMENTO SUPERFICIAL DUPLO - TSD | D101: =E101/$E$115 -> 0.17950808 | E101: =G60 -> 3738063.2 | F101: =E101/$C$10 -> 80892.948
C103: =C69 -> MICRO REVESTIMENTO - 1 CAMADA | D103: =E103/$E$115 -> 0.23564366 | E103: =G69 -> 4907026.3 | F103: =E103/$C$10 -> 106189.71
C105: =C75 -> MICRO REVESTIMENTO - 2 CAMADA | D105: =E105/$E$115 -> 0.2012878 | E105: =G75 -> 4191602.3 | F105: =E105/$C$10 -> 90707.689
C107: =C81 -> SINALIZAÇÃO HORIZONTAL | D107: =E107/$E$115 -> 0.08030831 | E107: =G81 -> 1672334.4 | F107: =E107/$C$10 -> 36189.88
C109: =C83 -> ADMINISTRAÇÃO LOCAL | D109: =E109/$E$115 -> 0.028216766 | E109: =G83 -> 587583.86 | F109: =E109/$C$10 -> 12715.513
C111: =C85 -> CANTEIRO DE OBRA | D111: =E111/$E$115 -> 0.023250676 | E111: =G85 -> 484170.38 | F111: =E111/$C$10 -> 10477.61
C113: =C87 -> MOBILIZAÇÃO | D113: =E113/$E$115 -> 0.007820611 | E113: =G87 -> 162855.83 | F113: =E113/$C$10 -> 3524.2551
C115: Total geral | D115: =SUM(D95:D114) -> 1 | E115: =SUM(E95:E114) -> 20823927 | F115: =E115/$C$10 -> 450636.8
B117: Obs.: A composição de Fornecimento de material de Jazida (40317) engloba o desmatamento, a escavação, a carga, a indenização, o acabamento e recomposição e a licença de cascalheira (canteiro), conforme nota técnica T232 / 233, Item 4.

Sheet MOBI GO-210
A1: Mobilização / Desmobilização | F1: GO-210
A2: Equipamento | C2: Mobilizador | D2: FU (A) | E2: Hora Produtiva (B) | F2: DT* (C) | G2: Custo (D=AxB/60) | H2: Quantidade (E) | I2: Total (CxDxE)
A3: Autopropelidos
A4: 30050 | B4: CAMINHÃO APLICADOR DE MATERIAL TERMOPLÁSTICO | C4: 30050 | D4: 1 | E4: 481.68 | F4: 263 | G4: 8.02 | I4: =TRUNC(F4*G4*H4) -> 0
A5: 30037 | B5: CAMINHÃO BASCULANTE 10 M3 - 15 T | C5: 30037 | D5: 1 | E5: 287.75 | F5: 263 | G5: 4.79 | H5: 20 | I5: =TRUNC(F5*G5*H5) -> 25195
A6: 30036 | B6: CAMINHÃO BASCULANTE 6 M3 - 10,5 T | C6: 30036 | D6: 1 | E6: 170.75 | F6: 263 | G6: 2.84 | I6: =TRUNC(F6*G6*H6) -> 0
A7: 30035 | B7: CAMINHÃO CARROCERIA MADEIRA - 15 T | C7: 30035 | D7: 1 | E7: 239.55 | F7: 263 | G7: 3.99 | H7: 2 | I7: =TRUNC(F7*G7*H7) -> 2098
A8: 30125 | B8: CAMINHÃO COM BATE ESTACAS HIDRÁULICO PARA DEFENSA | C8: 30125 | D8: 1 | E8: 274.4 | F8: 263 | G8: 4.57 | I8: =TRUNC(F8*G8*H8) -> 0
A9: 30110 | B9: CAMINHÃO COM DOLLY - 57 t | C9: 30110 | D9: 1 | E9: 475.75 | F9: 263 | G9: 7.92 | I9: =TRUNC(F9*G9*H9) -> 0
A10: 30120 | B10: CAMINHÃO DISTRIBUIDOR DE CIMENTO | C10: 30120 | D10: 1 | E10: 418.35 | F10: 263 | G10: 6.97 | H10: 1 | I10: =TRUNC(F10*G10*H10) -> 1833
A11: 31062 | B11: CAMINHÃO MUNCK (GUINDAUTO) | C11: 31062 | D11: 1 | E11: 237.87 | F11: 263 | G11: 3.96 | I11: =TRUNC(F11*G11*H11) -> 0
A12: 30053 | B12: CAMINHÃO PARA HIDROSSEMEADURA | C12: 30053 | D12: 1 | E12: 288.11 | F12: 263 | G12: 4.8 | I12: =TRUNC(F12*G12*H12) -> 0
A13: 30049 | B13: CAMINHÃO PARA PINTURA A FRIO COM DEMARCADOR DE FAIXAS | C13: 30049 | D13: 1 | E13: 305.27 | F13: 263 | G13: 5.08 | H13: 1 | I13: =TRUNC(F13*G13*H13) -> 1336
A14: 30040 | B14: CAMINHÃO TANQUE 10.000L | C14: 30040 | D14: 1 | E14: 285.4 | F14: 263 | G14: 4.75 | H14: 1 | I14: =TRUNC(F14*G14*H14) -> 1249
A15: 30039 | B15: CAMINHÃO TANQUE 6.000L | C15: 30039 | D15: 1 | E15: 216.01 | F15: 263 | G15: 3.6 | I15: =TRUNC(F15*G15*H15) -> 0
A16: 30021 | B16: CAMINHÃO TANQUE DISTRIBUIDOR DE ASFALTO | C16: 30021 | D16: 1 | E16: 227.85 | F16: 263 | G16: 3.79 | H16: 6 | I16: =TRUNC(F16*G16*H16) -> 5980
A17: 30030 | B17: USINA MÓVEL PARA MICRO REVESTIMENTO | C17: 30030 | D17: 1 | E17: 627.06 | F17: 263 | G17: 10.45 | H17: 2 | I17: =TRUNC(F17*G17*H17) -> 5496
A18: Rebocados
A19: 30010 | B19: CARREGADEIRA DE PNEUS CAT - 924 H OU EQUIVALENTE | C19: 30105 | D19: 0.5 | E19: 365.15 | F19: 263 | G19: 3.04 | H19: 1 | I19: =TRUNC(F19*G19*H19) -> 799
A20: 30007 | B20: CARREGADEIRA DE PNEUS CAT - 950 H OU EQUIVALENTE | C20: 30105 | D20: 0.5 | E20: 365.15 | F20: 263 | G20: 3.04 | I20: =TRUNC(F20*G20*H20) -> 0
A21: 30011 | B21: ESCAVADEIRA HIDRÁULICA - 320DL OU EQUIVALENTE | C21: 30105 | D21: 1 | E21: 365.15 | F21: 263 | G21: 6.08 | H21: 1 | I21: =TRUNC(F21*G21*H21) -> 1599
A22: 30057 | B22: ESCAVADEIRA HIDRÁULICA - CAT 323DL OU EQUIVALENTE | C22: 30105 | D22: 1 | E22: 365.15 | F22: 263 | G22: 6.08 | I22: =TRUNC(F22*G22*H22) -> 0
A23: 30019 | B23: FRESADORA A FRIO - W 200 F OU EQUIVALENTE | C23: 30105 | D23: 1 | E23: 365.15 | F23: 263 | G23: 6.08 | H23: 1 | I23: =TRUNC(F23*G23*H23) -> 1599
A24: 30158 | B24: MINI-CARREGADEIRA DE PNEUS COM FRESADORA | C24: 30105 | D24: 0.33 | E24: 365.15 | F24: 263 | G24: 2 | I24: =TRUNC(F24*G24*H24) -> 0
A25: 30058 | B25: MINI-CARREGADEIRA DE PNEUS COM VASSOURA DE 1,8 m | C25: 30105 | D25: 0.33 | E25: 365.15 | F25: 263 | G25: 2 | H25: 1 | I25: =TRUNC(F25*G25*H25) -> 526
A26: 30046 | B26: MOTONIVELADORA - CAT 120K OU EQUIVALENTE | C26: 30105 | D26: 1 | E26: 365.15 | F26: 263 | G26: 6.08 | H26: 1 | I26: =TRUNC(F26*G26*H26) -> 1599
A27: 30170 | B27: PERFURATRIZ HIDRÁULICA SOBRE ESTEIRAS PARA ESTACA RAIZ | C27: 30105 | D27: 1 | E27: 365.15 | F27: 263 | G27: 6.08 | I27: =TRUNC(F27*G27*H27) -> 0
A28: 30029 | B28: PERFURATRIZ SOBRE ESTEIRAS - CRAWLER DRILL OU EQUIVALENTE | C28: 30105 | D28: 0.5 | E28: 365.15 | F28: 263 | G28: 3.04 | I28: =TRUNC(F28*G28*H28) -> 0
A29: 30101 | B29: RECICLADORA DE PAVIMENTO À FRIO - CATERPILLAR RM-500 OU EQUIVALENTE | C29: 30105 | D29: 1 | E29: 365.15 | F29: 263 | G29: 6.08 | H29: 1 | I29: =TRUNC(F29*G29*H29) -> 1599
A30: 30008 | B30: RETRO ESCAVADEIRA DE PNEUS - CATERPILLAR 416E OU EQUIVALENTE | C30: 30105 | D30: 0.5 | E30: 365.15 | F30: 263 | G30: 3.04 | I30: =TRUNC(F30*G30*H30) -> 0
A31: 30015 | B31: ROLO COMPACTADOR DE PNEUS AUTOPROPELIDO - 27 T | C31: 30105 | D31: 0.5 | E31: 365.15 | F31: 263 | G31: 3.04 | H31: 1 | I31: =TRUNC(F31*G31*H31) -> 799
A32: 30012 | B32: ROLO LISO TANDEN - 6/8 T - CA-150 OU EQUIVALENTE | C32: 30105 | D32: 0.5 | E32: 365.15 | F32: 263 | G32: 3.04 | H32: 1 | I32: =TRUNC(F32*G32*H32) -> 799
A33: 30014 | B33: ROLO LISO VIBRATÓRIO AUTOPROPELIDO - CS533 E OU EQUIVALENTE | C33: 30105 | D33: 0.5 | E33: 365.15 | F33: 263 | G33: 3.04 | H33: 1 | I33: =TRUNC(F33*G33*H33) -> 799
A34: 30009 | B34: ROLO PÉ DE CARNEIRO AUTOPROPELIDO - CA 250 OU EQUIVALENTE | C34: 30105 | D34: 0.5 | E34: 365.15 | F34: 263 | G34: 3.04 | H34: 1 | I34: =TRUNC(F34*G34*H34) -> 799
A35: 30020 | B35: TANQUE DE ESTOCAGEM ASFALTO (30.000L) | C35: 30105 | D35: 1 | E35: 365.15 | F35: 263 | G35: 6.08 | H35: 3 | I35: =TRUNC(F35*G35*H35) -> 4797
A36: 30005 | B36: TRATOR DE PNEUS AGRÍCOLA - MF 4292 OU EQUIVALENTE | C36: 30105 | D36: 0.5 | E36: 365.15 | F36: 263 | G36: 3.04 | H36: 2 | I36: =TRUNC(F36*G36*H36) -> 1599
A37: 30006 | B37: TRATOR DE PNEUS COM ROÇADEIRA | C37: 30105 | D37: 0.5 | E37: 365.15 | F37: 263 | G37: 3.04 | I37: =TRUNC(F37*G37*H37) -> 0
A38: 30001 | B38: TRATOR ESTEIRAS COM LÂMINA - CAT D8 OU EQUIVALENTE | C38: 30105 | D38: 1 | E38: 365.15 | F38: 263 | G38: 6.08 | I38: =TRUNC(F38*G38*H38) -> 0
A39: 30002 | B39: TRATOR ESTEIRAS COM ESCARIFICADOR - CAT D8 OU EQUIVALENTE | C39: 30105 | D39: 1 | E39: 365.15 | F39: 263 | G39: 6.08 | I39: =TRUNC(F39*G39*H39) -> 0
A40: 30059 | B40: TRATOR ESTEIRAS COM LAMINA - CAT D4 OU EQUIVALENTE | C40: 30105 | D40: 0.5 | E40: 365.15 | F40: 263 | G40: 3.04 | I40: =TRUNC(F40*G40*H40) -> 0
A41: 30000 | B41: TRATOR ESTEIRAS COM LAMINA - CAT D6 OU EQUIVALENTE | C41: 30105 | D41: 0.5 | E41: 365.15 | F41: 263 | G41: 3.04 | H41: 1 | I41: =TRUNC(F41*G41*H41) -> 799
A42: 30025 | B42: USINA DE ASFALTO A QUENTE 80 t/h | C42: 30105 | D42: 3 | E42: 365.15 | F42: 263 | G42: 18.25 | H42: 1 | I42: =TRUNC(F42*G42*H42) -> 4799
A43: 30016 | B43: USINA MISTURADORA DE SOLO 300 t/h | C43: 30105 | D43: 2 | E43: 365.15 | F43: 263 | G43: 12.17 | I43: =TRUNC(F43*G43*H43) -> 0
A44: 30024 | B44: USINA PRÉ-MISTURADO A FRIO 60 t/h | C44: 30105 | D44: 1 | E44: 365.15 | F44: 263 | G44: 6.08 | I44: =TRUNC(F44*G44*H44) -> 0
A45: 30023 | B45: VIBROACABADORA DE ASFALTO SOBRE ESTEIRAS | C45: 30105 | D45: 0.5 | E45: 365.15 | F45: 263 | G45: 3.04 | H45: 1 | I45: =TRUNC(F45*G45*H45) -> 799
A46: Sub Total de Equipamento (F) : | I46: =SUM(I19:I45)+SUM(I4:I17) -> 66897
A47: Mão de Obra | F47: Percentual mobilizado (G) | G47: Custo (H) | H47: Total de operários (I) | I47: Total (GxHxI)
A48: - | B48: EFETIVO PESSOAL A SER MOBILIZADO | F48: 0.3 | G48: 103.79 | H48: 20 | I48: =TRUNC(F48*G48*H48) -> 622
A49: Sub Total de Mão de Obra (J) : | I49: =I48 -> 622
A50: Custo por Mobilização (K=F+J) : | I50: =I49+I46 -> 67519
G51: BDI (L) : | H51: ='Orçamento Sintético GO-210'!C11 -> 0.206 | I51: =I50*H51 -> 13908.914
A52: Preço por Mobilização (M=K+L) : | I52: =I51+I50 -> 81427.914
A53: Total Mobilização / Desmobilização (2xM) : | I53: =I52*2 -> 162855.83
A54: *Distância do canteiro a Goiânia, mínimo de 50 Km.

Sheet CRONOGRAMA GO-210
D1: ='Orçamento Sintético GO-210'!C6 -> ELABORAÇÃO DOS ORÇAMENTOS DAS REABILITAÇÕES FUNCIONAIS GO-210
B3: GOINFRA - Agência Goiana de Infraestrutura e Transportes
B5: CRONOGRAMA FÍSICO - FINANCEIRO
A6: ITEM | B6: ATIVIDADES | C6: VALOR ETAPA | D6: MÊS
D7: 1º MÊS | E7: 2º MÊS | F7: 3º MÊS | G7: 4º MÊS
A8: 1 | B8: ='Orçamento Sintético GO-210'!C15 -> REPAROS LOCALIZADOS SUPERFICIAIS | C8: ='Orçamento Sintético GO-210'!G15 -> 1328254.3 | D8: 0.25 | E8: 0.25 | F8: 0.25 | G8: 0.25
D9: =$C$8*D8 -> 332063.57 | E9: =$C$8*E8 -> 332063.57 | F9: =$C$8*F8 -> 332063.57 | G9: =$C$8*G8 -> 332063.57
A10: 2 | B10: ='Orçamento Sintético GO-210'!C29 -> REPAROS LOCALIZADOS PROFUNDOS | C10: ='Orçamento Sintético GO-210'!G29 -> 1599930.7 | D10: 0.25 | E10: 0.25 | F10: 0.25 | G10: 0.25
D11: =$C10*D10 -> 399982.68 | E11: =$C10*E10 -> 399982.68 | F11: =$C10*F10 -> 399982.68 | G11: =$C10*G10 -> 399982.68
A12: 3 | B12: ='Orçamento Sintético GO-210'!C49 -> RECICLAGEM DA BASE COM RECICLADORA E ADIÇÃO DE 20% DE BRITA E 2% DE CIMENTO | C12: ='Orçamento Sintético GO-210'!G49 -> 2152105.4 | D12: 0.25 | E12: 0.25 | F12: 0.25 | G12: 0.25
D13: =$C12*D12 -> 538026.36 | E13: =$C12*E12 -> 538026.36 | F13: =$C12*F12 -> 538026.36 | G13: =$C12*G12 -> 538026.36
A14: 4 | B14: ='Orçamento Sintético GO-210'!C60 -> TRATAMENTO SUPERFICIAL DUPLO - TSD | C14: ='Orçamento Sintético GO-210'!G60 -> 3738063.2 | D14: 0.25 | E14: 0.25 | F14: 0.25 | G14: 0.25
D15: =$C14*D14 -> 934515.79 | E15: =$C14*E14 -> 934515.79 | F15: =$C14*F14 -> 934515.79 | G15: =$C14*G14 -> 934515.79
A16: 5 | B16: ='Orçamento Sintético GO-210'!C69 -> MICRO REVESTIMENTO - 1 CAMADA | C16: ='Orçamento Sintético GO-210'!G69 -> 4907026.3 | D16: 0.25 | E16: 0.25 | F16: 0.25 | G16: 0.25
D17: =$C16*D16 -> 1226756.6 | E17: =$C16*E16 -> 1226756.6 | F17: =$C16*F16 -> 1226756.6 | G17: =$C16*G16 -> 1226756.6
A18: 6 | B18: ='Orçamento Sintético GO-210'!C75 -> MICRO REVESTIMENTO - 2 CAMADA | C18: ='Orçamento Sintético GO-210'!G75 -> 4191602.3 | D18: 0.25 | E18: 0.25 | F18: 0.25 | G18: 0.25
D19: =$C18*D18 -> 1047900.6 | E19: =$C18*E18 -> 1047900.6 | F19: =$C18*F18 -> 1047900.6 | G19: =$C18*G18 -> 1047900.6
A20: 7 | B20: ='Orçamento Sintético GO-210'!C81 -> SINALIZAÇÃO HORIZONTAL | C20: ='Orçamento Sintético GO-210'!G81 -> 1672334.4 | D20: 0.25 | E20: 0.25 | F20: 0.25 | G20: 0.25
D21: =$C20*D20 -> 418083.59 | E21: =$C20*E20 -> 418083.59 | F21: =$C20*F20 -> 418083.59 | G21: =$C20*G20 -> 418083.59
A22: 8 | B22: ='Orçamento Sintético GO-210'!C83 -> ADMINISTRAÇÃO LOCAL | C22: ='Orçamento Sintético GO-210'!G83 -> 587583.86 | D22: 0.25 | E22: 0.25 | F22: 0.25 | G22: 0.25
D23: =$C22*D22 -> 146895.96 | E23: =$C22*E22 -> 146895.96 | F23: =$C22*F22 -> 146895.96 | G23: =$C22*G22 -> 146895.96
A24: 9 | B24: ='Orçamento Sintético GO-210'!C85 -> CANTEIRO DE OBRA | C24: ='Orçamento Sintético GO-210'!G85 -> 484170.38 | D24: 0.25 | E24: 0.25 | F24: 0.25 | G24: 0.25
D25: =$C24*D24 -> 121042.6 | E25: =$C24*E24 -> 121042.6 | F25: =$C24*F24 -> 121042.6 | G25: =$C24*G24 -> 121042.6
A26: 10 | B26: ='Orçamento Sintético GO-210'!C87 -> MOBILIZAÇÃO | C26: ='Orçamento Sintético GO-210'!G87 -> 162855.83 | D26: 0.5 | E26: 0 | F26: 0 | G26: 0.5
D27: =$C26*D26 -> 81427.915 | E27: =$C26*E26 -> 0 | F27: =$C26*F26 -> 0 | G27: =$C26*G26 -> 81427.915
A28: TOTAL | C28: =SUM(C8:C27) -> 20823927
A29: Percentual Parcial %) | D29: =D30/$G$32 -> 0.25195515 | E29: =E30/$G$32 -> 0.24804485 | F29: =F30/$G$32 -> 0.24804485 | G29: =G30/$G$32 -> 0.25195515
A30: Parcial (R$) | D30: =D27+D25+D23+D21+D19+D17+D15+D13+D11+D9 -> 5246695.6 | E30: =E27+E25+E23+E21+E19+E17+E15+E13+E11+E9 -> 5165267.7 | F30: =F27+F25+F23+F21+F19+F17+F15+F13+F11+F9 -> 5165267.7 | G30: =G27+G25+G23+G21+G19+G17+G15+G13+G11+G9 -> 5246695.6
A31: Percentual Acumulado (%) | D31: =D29 -> 0.25195515 | E31: =D31+E29 -> 0.5 | F31: =E31+F29 -> 0.74804485 | G31: =F31+G29 -> 1
A32: Acumulado (R$) | D32: =D30 -> 5246695.6 | E32: =D32+E30 -> 10411963 | F32: =E32+F30 -> 15577231 | G32: =F32+G30 -> 20823927

Sheet Orçamento Sintético GO-301
C1: GOINFRA - Agência Goiana de Infraestrutura e Transportes
C3: Orçamento Sintético
B4: Setor:
B5: Orçamento: | F5: Data Orçamento: 04/07/2024
B6: Descrição: | C6: ELABORAÇÃO DOS ORÇAMENTOS DAS REABILITAÇÕES FUNCIONAIS GO-301
B7: Versão: | C7: =RESUMO!C7 -> ORÇAMENTO REALIZADO NA TABELA DE TERRAPLENAGEM, PAVIMENTAÇÃO E OBRAS DE ARTE ESPECIAIS - ABRIL/24 - SEM DESONERAÇÃO - T247
B8: Trecho:
B9: Nat. Serviço:
B10: Extensão km: | C10: 51.61
B11: ='Orçamento Sintético GO-210'!B11 -> BDI: | C11: ='Orçamento Sintético GO-210'!C11 -> 0.206
F12: Data Base : 01/04/2024
A13: Orçamento Sintético
A14: Item | B14: Código | C14: Descrição | D14: Und | E14: Quant. | F14: Valor Unit | G14: Total
A15: 1 | C15: REPAROS LOCALIZADOS SUPERFICIAIS | E15: 1 | G15: =SUM(G16:G28) -> 709936.21
A16: 1.1 | B16: 40465 | C16: FRESAGEM DESCONTÍNUA À FRIO | D16: m3 | E16: 291.76 | F16: =VLOOKUP(B16,'Table T-247'!A:D,4,0) -> 194.82 | G16: =ROUND(E16 * F16, 2) -> 56840.68
A17: 1.2 | B17: 40430 | C17: TRANSPORTE DE PAVIMENTO REMOVIDO | D17: m3km | E17: 1896.41 | F17: =VLOOKUP(B17,'Table T-247'!A:D,4,0) -> 3.2 | G17: =ROUND(E17 * F17, 2) -> 6068.51
A18: 1.3 | B18: 40385 | C18: PINTURA DE LIGAÇÃO | D18: m2 | E18: 14587.8 | F18: =VLOOKUP(B18,'Table T-247'!A:D,4,0) -> 0.38 | G18: =ROUND(E18 * F18, 2) -> 5543.36
A19: 1.4 | B19: 40510 | C19: FORNECIMENTO DE EMULSÃO RR-1C | D19: T | E19: 7.29 | F19: =VLOOKUP(B19,'Table T-247'!A:D,4,0) -> 3394.06 | G19: =ROUND(E19 * F19, 2) -> 24742.7
A20: 1.5 | B20: 40435 | C20: TRANSPORTE LOCAL DE MATERIAL BETUMINOSO | D20: TKM | E20: 188.22 | F20: =VLOOKUP(B20,'Table T-247'!A:D,4,0) -> 2.74 | G20: =ROUND(E20 * F20, 2) -> 515.72
A21: 1.6 | B21: 40602 | C21: CONCRETO BETUMINOSO USINADO À QUENTE - CBUQ | D21: m3 | E21: 291.76 | F21: =VLOOKUP(B21,'Table T-247'!A:D,4,0) -> 482.07 | G21: =ROUND(E21 * F21, 2) -> 140648.74
A22: 1.7 | B22: 40455 | C22: TRANSPORTE COMERCIAL DE AGREGADOS - (AREIA) | D22: m3km | E22: 873.87 | F22: =VLOOKUP(B22,'Table T-247'!A:D,4,0) -> 1.38 | G22: =ROUND(E22 * F22, 2) -> 1205.94
A23: 1.8 | B23: 40455 | C23: TRANSPORTE COMERCIAL DE AGREGADOS - (BRITA) | D23: m3km | E23: 3382.04 | F23: =VLOOKUP(B23,'Table T-247'!A:D,4,0) -> 1.38 | G23: =ROUND(E23 * F23, 2) -> 4667.22
A24: 1.9 | B24: 40450 | C24: TRANSPORTE COMERCIAL DE CIMENTO / CAL / FILLER | D24: TKM | E24: 19.61 | F24: =VLOOKUP(B24,'Table T-247'!A:D,4,0) -> 0.75 | G24: =ROUND(E24 * F24, 2) -> 14.71
A25: 1.10 | B25: 40530 | C25: TRANSPORTE COMERCIAL DE MATERIAL BETUMINOSO (DT=349,00 KM) | D25: tkm | E25: 17209.19 | F25: =VLOOKUP(B25,'Table T-247'!A:D,4,0) -> 1.83 | G25: =ROUND(E25 * F25, 2) -> 31492.82
A26: 1.11 | B26: 40440 | C26: TRANSPORTE LOCAL DE MASSA ASFÁLTICA | D26: TKM | E26: 18069.03 | F26: =VLOOKUP(B26,'Table T-247'!A:D,4,0) -> 1.53 | G26: =ROUND(E26 * F26, 2) -> 27645.62
A27: 1.12 | B27: 40460 | C27: TRANSPORTE COMERCIAL DE MASSA | D27: TKM | E27: 244374.83 | F27: =VLOOKUP(B27,'Table T-247'!A:D,4,0) -> 0.91 | G27: =ROUND(E27 * F27, 2) -> 222381.1
A28: 1.13 | B28: 40525 | C28: FORNECIMENTO DE CAP-50/70 | D28: T | E28: 42.01 | F28: =VLOOKUP(B28,'Table T-247'!A:D,4,0) -> 4479.15 | G28: =ROUND(E28 * F28, 2) -> 188169.09
A29: 2 | C29: REPAROS LOCALIZADOS PROFUNDOS | E29: 1 | G29: =SUM(G30:G48) -> 1186972.3
A30: 2.1 | B30: 40423 | C30: ESCARIFICAÇÃO DE PAVIMENTO ASFÁLTICO | D30: m3 | E30: 714.26 | F30: =VLOOKUP(B30,'Table T-247'!A:D,4,0) -> 5.35 | G30: =ROUND(E30 * F30, 2) -> 3821.29
A31: 2.2 | B31: 40430 | C31: TRANSPORTE DE PAVIMENTO REMOVIDO | D31: m3km | E31: 4642.7 | F31: =VLOOKUP(B31,'Table T-247'!A:D,4,0) -> 3.2 | G31: =ROUND(E31 * F31, 2) -> 14856.64
A32: 2.3 | B32: 40375 | C32: ESTABILIZAÇÃO SOLO-CIMENTO 3% PESO - PISTA | D32: m3 | E32: 476.17 | F32: =VLOOKUP(B32,'Table T-247'!A:D,4,0) -> 71.87 | G32: =ROUND(E32 * F32, 2) -> 34222.34
A33: 2.4 | B33: 40317 | C33: FORNECIMENTO DE MATERIAL DE JAZIDA (CASCALHO) | D33: m3 | E33: 619.03 | F33: =VLOOKUP(B33,'Table T-247'!A:D,4,0) -> 22.56 | G33: =ROUND(E33 * F33, 2) -> 13965.32
A34: 2.5 | B34: 40320 | C34: TRANSPORTE DE MATERIAL DE JAZIDA (CASCALHO) | D34: m3km | E34: 196231.31 | F34: =VLOOKUP(B34,'Table T-247'!A:D,4,0) -> 2.83 | G34: =ROUND(E34 * F34, 2) -> 555334.61
A35: 2.6 | B35: 40450 | C35: TRANSPORTE COMERCIAL DE CIMENTO / CAL / FILLER | D35: TKM | E35: 10383.64 | F35: =VLOOKUP(B35,'Table T-247'!A:D,4,0) -> 0.75 | G35: =ROUND(E35 * F35, 2) -> 7787.73
A36: 2.7 | B36: 40449 | C36: TRANSPORTE LOCAL DE CIMENTO / CAL / FILLER | D36: tkm | E36: 761.22 | F36: =VLOOKUP(B36,'Table T-247'!A:D,4,0) -> 1.47 | G36: =ROUND(E36 * F36, 2) -> 1118.99
A37: 2.8 | B37: 40380 | C37: IMPRIMAÇÃO | D37: m2 | E37: 4761.74 | F37: =VLOOKUP(B37,'Table T-247'!A:D,4,0) -> 0.47 | G37: =ROUND(E37 * F37, 2) -> 2238.02
A38: 2.9 | B38: 40480 | C38: FORNECIMENTO DE CM-30 | D38: T | E38: 5.71 | F38: =VLOOKUP(B38,'Table T-247'!A:D,4,0) -> 6920.01 | G38: =ROUND(E38 * F38, 2) -> 39513.26
A39: 2.10 | B39: 40385 | C39: PINTURA DE LIGAÇÃO | D39: m2 | E39: 4761.74 | F39: =VLOOKUP(B39,'Table T-247'!A:D,4,0) -> 0.38 | G39: =ROUND(E39 * F39, 2) -> 1809.46
A40: 2.11 | B40: 40510 | C40: FORNECIMENTO DE EMULSÃO RR-1C | D40: T | E40: 2.38 | F40: =VLOOKUP(B40,'Table T-247'!A:D,4,0) -> 3394.06 | G40: =ROUND(E40 * F40, 2) -> 8077.86
A41: 2.12 | B41: 40602 | C41: CONCRETO BETUMINOSO USINADO À QUENTE - CBUQ | D41: m3 | E41: 238.09 | F41: =VLOOKUP(B41,'Table T-247'!A:D,4,0) -> 482.07 | G41: =ROUND(E41 * F41, 2) -> 114776.05
... A48: 2.19 | B48: 40530 | C48: TRANSPORTE COMERCIAL DE MATERIAL BETUMINOSO (DT=349,00 KM) | D48: tkm | E48: 14790.62 | F48: =VLOOKUP(B48,'Table T-247'!A:D,4,0) -> 1.83 | G48: =ROUND(E48 * F48, 2) -> 27066.83
A49: 3 | C49: RECICLAGEM DA BASE COM RECICLADORA E ADIÇÃO DE 20% DE BRITA E 2% DE CIMENTO | E49: 1 | G49: =SUM(G50:G59) -> 1536736.4
A50: 3.1 | B50: 40425 | C50: REMOÇÃO E CARGA DE PAV. ASFÁLTICA ( EXCETO TRANSPORTE) | D50: m3 | E50: 3953.22 | F50: =VLOOKUP(B50,'Table T-247'!A:D,4,0) -> 10.16 | G50: =ROUND(E50 * F50, 2) -> 40164.72
A51: 3.2 | B51: 40430 | C51: TRANSPORTE DE PAVIMENTO REMOVIDO | D51: m3km | E51: 25695.93 | F51: =VLOOKUP(B51,'Table T-247'!A:D,4,0) -> 3.2 | G51: =ROUND(E51 * F51, 2) -> 82226.98
A52: 3.3 | B52: 40645 | C52: RECICLAGEM DE BASE COM 20% DE BRITA E 2% DE CIMENTO EM PESO (BC) | D52: m3 | E52: 3953.22 | F52: =VLOOKUP(B52,'Table T-247'!A:D,4,0) -> 140.59 | G52: =ROUND(E52 * F52, 2) -> 555783.2
A53: 3.4 | B53: 40455 | C53: TRANSPORTE COMERCIAL DE AGREGADOS - (BRITA) | D53: m3km | E53: 359284.05 | F53: =VLOOKUP(B53,'Table T-247'!A:D,4,0) -> 1.38 | G53: =ROUND(E53 * F53, 2) -> 495811.99
A54: 3.5 | B54: 40450 | C54: TRANSPORTE COMERCIAL DE CIMENTO / CAL / FILLER | D54: TKM | E54: 59835.94 | F54: =VLOOKUP(B54,'Table T-247'!A:D,4,0) -> 0.75 | G54: =ROUND(E54 * F54, 2) -> 44876.96
A55: 3.6 | B55: 40445 | C55: TRANSPORTE LOCAL DE AGREGADOS | D55: m3km | E55: 29247.08 | F55: =VLOOKUP(B55,'Table T-247'!A:D,4,0) -> 2.05 | G55: =ROUND(E55 * F55, 2) -> 59956.51
A56: 3.7 | B56: 40449 | C56: TRANSPORTE LOCAL DE CIMENTO / CAL / FILLER | D56: tkm | E56: 4386.55 | F56: =VLOOKUP(B56,'Table T-247'!A:D,4,0) -> 1.47 | G56: =ROUND(E56 * F56, 2) -> 6448.23
A57: 3.8 | B57: 40480 | C57: FORNECIMENTO DE CM-30 | D57: T | E57: 31.63 | F57: =VLOOKUP(B57,'Table T-247'!A:D,4,0) -> 6920.01 | G57: =ROUND(E57 * F57, 2) -> 218879.92
A58: 3.9 | B58: 40530 | C58: TRANSPORTE COMERCIAL DE MATERIAL BETUMINOSO (DT=349,00 KM) | D58: tkm | E58: 11038.87 | F58: =VLOOKUP(B58,'Table T-247'!A:D,4,0) -> 1.83 | G58: =ROUND(E58 * F58, 2) -> 20201.13
A59: 3.10 | B59: 40380 | C59: IMPRIMAÇÃO | D59: m2 | E59: 26354.8 | F59: =VLOOKUP(B59,'Table T-247'!A:D,4,0) -> 0.47 | G59: =ROUND(E59 * F59, 2) -> 12386.76
A60: 4 | C60: TRATAMENTO SUPERFICIAL DUPLO - TSD | E60: 1 | G60: =SUM(G61:G68) -> 4479046.5
A61: 4.1 | B61: 40385 | C61: PINTURA DE LIGAÇÃO | D61: m2 | E61: 131774 | F61: =VLOOKUP(B61,'Table T-247'!A:D,4,0) -> 0.38 | G61: =ROUND(E61 * F61, 2) -> 50074.12
A62: 4.2 | B62: 40609 | C62: TRATAMENTO SUPERFICIAL DUPLO - TSD (BC) | D62: m2 | E62: 131774 | F62: =VLOOKUP(B62,'Table T-247'!A:D,4,0) -> 7.82 | G62: =ROUND(E62 * F62, 2) -> 1030472.7
A63: 4.3 | B63: 40495 | C63: FORNECIMENTO DE EMULSÃO RR-2C COM POLÍMERO | D63: T | E63: 355.79 | F63: =VLOOKUP(B63,'Table T-247'!A:D,4,0) -> 4281.86 | G63: =ROUND(E63 * F63, 2) -> 1523443
A64: 4.4 | B64: 40510 | C64: FORNECIMENTO DE EMULSÃO RR-1C | D64: T | E64: 65.89 | F64: =VLOOKUP(B64,'Table T-247'!A:D,4,0) -> 3394.06 | G64: =ROUND(E64 * F64, 2) -> 223634.61
A65: 4.5 | B65: 40530 | C65: TRANSPORTE COMERCIAL DE MATERIAL BETUMINOSO (DT=349,00 KM) | D65: tkm | E65: 147166.32 | F65: =VLOOKUP(B65,'Table T-247'!A:D,4,0) -> 1.83 | G65: =ROUND(E65 * F65, 2) -> 269314.37
A66: 4.6 | B66: 40435 | C66: TRANSPORTE LOCAL DE MATERIAL BETUMINOSO | D66: TKM | E66: 9181.16 | F66: =VLOOKUP(B66,'Table T-247'!A:D,4,0) -> 2.74 | G66: =ROUND(E66 * F66, 2) -> 25156.38
A67: 4.7 | B67: 40455 | C67: TRANSPORTE COMERCIAL DE AGREGADOS - (BRITA) | D67: m3km | E67: 877219.52 | F67: =VLOOKUP(B67,'Table T-247'!A:D,4,0) -> 1.38 | G67: =ROUND(E67 * F67, 2) -> 1210562.9
A68: 4.8 | B68: 40445 | C68: TRANSPORTE LOCAL DE AGREGADOS - (BRITA) | D68: m3km | E68: 71408.99 | F68: =VLOOKUP(B68,'Table T-247'!A:D,4,0) -> 2.05 | G68: =ROUND(E68 * F68, 2) -> 146388.43
A69: 5 | C69: MICRO REVESTIMENTO - 1 CAMADA | E69: 1 | G69: =SUM(G70:G74) -> 5688289.9
A70: 5.1 | B70: 40611 | C70: MICRORREVESTIMENTO À FRIO - 0,8cm S/ COMPACTAÇÃO (BC) | D70: m2 | E70: 423202 | F70: =VLOOKUP(B70,'Table T-247'!A:D,4,0) -> 2.55 | G70: =ROUND(E70 * F70, 2) -> 1079165.1
A71: 5.2 | B71: 40455 | C71: TRANSPORTE COMERCIAL DE AGREGADOS - (BRITA BC) | D71: m3km | E71: 1073240.3 | F71: =VLOOKUP(B71,'Table T-247'!A:D,4,0) -> 1.38 | G71: =ROUND(E71 * F71, 2) -> 1481071.6
A72: 5.3 | B72: 40450 | C72: TRANSPORTE COMERCIAL DE CIMENTO / CAL / FILLER | D72: TKM | E72: 26814.08 | F72: =VLOOKUP(B72,'Table T-247'!A:D,4,0) -> 0.75 | G72: =ROUND(E72 * F72, 2) -> 20110.56
A73: 5.4 | B73: 40530 | C73: TRANSPORTE COMERCIAL DE MATERIAL BETUMINOSO (DT=349,00 KM) | D73: tkm | E73: 206775.52 | F73: =VLOOKUP(B73,'Table T-247'!A:D,4,0) -> 1.83 | G73: =ROUND(E73 * F73, 2) -> 378399.2
A74: 5.5 | B74: 40511 | C74: FORNECIMENTO DE EMULSÃO RC-1C COM POLÍMERO | D74: t | E74: 592.48 | F74: =VLOOKUP(B74,'Table T-247'!A:D,4,0) -> 4606.98 | G74: =ROUND(E74 * F74, 2) -> 2729543.5
A75: 6 | C75: MICRO REVESTIMENTO - 2 CAMADA | E75: 1 | G75: =SUM(G76:G80) -> 4858823.3
A76: 6.1 | B76: 40611 | C76: MICRORREVESTIMENTO À FRIO - 0,8cm S/ COMPACTAÇÃO (BC) | D76: m2 | E76: 361270 | F76: =VLOOKUP(B76,'Table T-247'!A:D,4,0) -> 2.55 | G76: =ROUND(E76 * F76, 2) -> 921238.5
A77: 6.2 | B77: 40455 | C77: TRANSPORTE COMERCIAL DE AGREGADOS - (BRITA BC) | D77: m3km | E77: 916180.72 | F77: =VLOOKUP(B77,'Table T-247'!A:D,4,0) -> 1.38 | G77: =ROUND(E77 * F77, 2) -> 1264329.4
A78: 6.3 | B78: 40450 | C78: TRANSPORTE COMERCIAL DE CIMENTO / CAL / FILLER | D78: TKM | E78: 26814.08 | F78: =VLOOKUP(B78,'Table T-247'!A:D,4,0) -> 0.75 | G78: =ROUND(E78 * F78, 2) -> 20110.56
A79: 6.4 | B79: 40530 | C79: TRANSPORTE COMERCIAL DE MATERIAL BETUMINOSO (DT=349,00 KM) | D79: tkm | E79: 176517.22 | F79: =VLOOKUP(B79,'Table T-247'!A:D,4,0) -> 1.83 | G79: =ROUND(E79 * F79, 2) -> 323026.51
A80: 6.5 | B80: 40511 | C80: FORNECIMENTO DE EMULSÃO RC-1C COM POLÍMERO | D80: t | E80: 505.78 | F80: =VLOOKUP(B80,'Table T-247'!A:D,4,0) -> 4606.98 | G80: =ROUND(E80 * F80, 2) -> 2330118.3
A81: 7 | C81: SINALIZAÇÃO HORIZONTAL | E81: 1 | G81: =SUM(G82) -> 1672334.4
A82: 7.1 | B82: 40815 | C82: SINALIZAÇÃO HORIZONTAL COM RESINA ACRÍLICA (0,6 mm) | D82: m² | E82: 47523 | F82: =VLOOKUP(B82,'Table T-247'!A:D,4,0) -> 35.19 | G82: =ROUND(E82 * F82, 2) -> 1672334.4
A83: 8 | C83: ADMINISTRAÇÃO LOCAL | E83: 1 | G83: =SUM(G84) -> 587583.86
A84: 8.1 | B84: 42130 | C84: ADMINISTRAÇÃO LOCAL - TIPO B2 | D84: un | E84: 1 | F84: =VLOOKUP(B84,'Table T-247'!A:D,4,0) -> 587583.86 | G84: =ROUND(E84 * F84, 2) -> 587583.86
A85: 9 | C85: CANTEIRO DE OBRA | E85: 1 | G85: =SUM(G86) -> 484170.38
A86: 9.1 | B86: 42230 | C86: CANTEIRO DE OBRA - TIPO B2 | D86: un | E86: 1 | F86: =VLOOKUP(B86,'Table T-247'!A:D,4,0) -> 484170.38 | G86: =ROUND(E86 * F86, 2) -> 484170.38
A87: 10 | C87: MOBILIZAÇÃO | E87: 1 | G87: =SUM(G88) -> 210914.93
A88: 10.1 | B88: 42301 | C88: MOBILIZAÇÃO / DESMOBILIZAÇÃO - CONFORME DEMONSTRATIVO | D88: un | E88: 1 | F88: ='MOBI GO-301'!I53 -> 210914.93 | G88: =ROUND(E88 * F88, 2) -> 210914.93
C92: Total do Orçamento: | E92: =G87+G85+G83+G81+G75+G69+G60+G49+G29+G15 -> 21414808
C94: Discriminação | D94: Percentual | E94: Preço | F94: Preço/Km
C95: =C15 -> REPAROS LOCALIZADOS SUPERFICIAIS | D95: =E95/$E$115 -> 0.033151649 | E95: =G15 -> 709936.21 | F95: =E95/$C$10 -> 13755.788
C97: =C29 -> REPAROS LOCALIZADOS PROFUNDOS | D97: =E97/$E$115 -> 0.055427641 | E97: =G29 -> 1186972.3 | F97: =E97/$C$10 -> 22998.882
C99: =C49 -> RECICLAGEM DA BASE COM RECICLADORA E ADIÇÃO DE 20% DE BRITA E 2% DE CIMENTO | D99: =E99/$E$115 -> 0.071760456 | E99: =G49 -> 1536736.4 | F99: =E99/$C$10 -> 29775.943
C101: =C60 -> TRATAMENTO SUPERFICIAL DUPLO - TSD | D101: =E101/$E$115 -> 0.20915651 | E101: =G60 -> 4479046.5 | F101: =E101/$C$10 -> 86786.408
C103: =C69 -> MICRO REVESTIMENTO - 1 CAMADA | D103: =E103/$E$115 -> 0.26562414 | E103: =G69 -> 5688289.9 | F103: =E103/$C$10 -> 110216.82
C105: =C75 -> MICRO REVESTIMENTO - 2 CAMADA | D105: =E105/$E$115 -> 0.22689082 | E105: =G75 -> 4858823.3 | F105: =E105/$C$10 -> 94144.997
C107: =C81 -> SINALIZAÇÃO HORIZONTAL | D107: =E107/$E$115 -> 0.078092428 | E107: =G81 -> 1672334.4 | F107: =E107/$C$10 -> 32403.301
C109: =C83 -> ADMINISTRAÇÃO LOCAL | D109: =E109/$E$115 -> 0.027438203 | E109: =G83 -> 587583.86 | F109: =E109/$C$10 -> 11385.078
C111: =C85 -> CANTEIRO DE OBRA | D111: =E111/$E$115 -> 0.022609139 | E111: =G85 -> 484170.38 | F111: =E111/$C$10 -> 9381.3288
C113: =C87 -> MOBILIZAÇÃO | D113: =E113/$E$115 -> 0.0098490226 | E113: =G87 -> 210914.93 | F113: =E113/$C$10 -> 4086.7066
C115: Total geral | D115: =SUM(D95:D114) -> 1 | E115: =SUM(E95:E114) -> 21414808 | F115: =E115/$C$10 -> 414935.25
B117: Obs.: A composição de Fornecimento de material de Jazida (40317) engloba o desmatamento, a escavação, a carga, a indenização, o acabamento e recomposição e a licença de cascalheira (canteiro), conforme nota técnica T232 / 233, Item 4.

Sheet MOBI GO-301
A1: Mobilização / Desmobilização | F1: GO-301
A2: Equipamento | C2: Mobilizador | D2: FU (A) | E2: Hora Produtiva (B) | F2: DT* (C) | G2: Custo (D=AxB/60) | H2: Quantidade (E) | I2: Total (CxDxE)
A3: Autopropelidos
A4: 30050 | B4: CAMINHÃO APLICADOR DE MATERIAL TERMOPLÁSTICO | C4: 30050 | D4: 1 | E4: 481.68 | F4: 349 | G4: 8.02 | I4: =TRUNC(F4*G4*H4) -> 0
A5: 30037 | B5: CAMINHÃO BASCULANTE 10 M3 - 15 T | C5: 30037 | D5: 1 | E5: 287.75 | F5: 349 | G5: 4.79 | H5: 21 | I5: =TRUNC(F5*G5*H5) -> 35105
A6: 30036 | B6: CAMINHÃO BASCULANTE 6 M3 - 10,5 T | C6: 30036 | D6: 1 | E6: 170.75 | F6: 349 | G6: 2.84 | I6: =TRUNC(F6*G6*H6) -> 0
A7: 30035 | B7: CAMINHÃO CARROCERIA MADEIRA - 15 T | C7: 30035 | D7: 1 | E7: 239.55 | F7: 349 | G7: 3.99 | H7: 2 | I7: =TRUNC(F7*G7*H7) -> 2785
A8: 30125 | B8: CAMINHÃO COM BATE ESTACAS HIDRÁULICO PARA DEFENSA | C8: 30125 | D8: 1 | E8: 274.4 | F8: 349 | G8: 4.57 | I8: =TRUNC(F8*G8*H8) -> 0
A9: 30110 | B9: CAMINHÃO COM DOLLY - 57 t | C9: 30110 | D9: 1 | E9: 475.75 | F9: 349 | G9: 7.92 | I9: =TRUNC(F9*G9*H9) -> 0
A10: 30120 | B10: CAMINHÃO DISTRIBUIDOR DE CIMENTO | C10: 30120 | D10: 1 | E10: 418.35 | F10: 349 | G10: 6.97 | H10: 1 | I10: =TRUNC(F10*G10*H10) -> 2432
A11: 31062 | B11: CAMINHÃO MUNCK (GUINDAUTO) | C11: 31062 | D11: 1 | E11: 237.87 | F11: 349 | G11: 3.96 | I11: =TRUNC(F11*G11*H11) -> 0
A12: 30053 | B12: CAMINHÃO PARA HIDROSSEMEADURA | C12: 30053 | D12: 1 | E12: 288.11 | F12: 349 | G12: 4.8 | I12: =TRUNC(F12*G12*H12) -> 0
A13: 30049 | B13: CAMINHÃO PARA PINTURA A FRIO COM DEMARCADOR DE FAIXAS | C13: 30049 | D13: 1 | E13: 305.27 | F13: 349 | G13: 5.08 | H13: 1 | I13: =TRUNC(F13*G13*H13) -> 1772
A14: 30040 | B14: CAMINHÃO TANQUE 10.000L | C14: 30040 | D14: 1 | E14: 285.4 | F14: 349 | G14: 4.75 | H14: 1 | I14: =TRUNC(F14*G14*H14) -> 1657
A15: 30039 | B15: CAMINHÃO TANQUE 6.000L | C15: 30039 | D15: 1 | E15: 216.01 | F15: 349 | G15: 3.6 | I15: =TRUNC(F15*G15*H15) -> 0
A16: 30021 | B16: CAMINHÃO TANQUE DISTRIBUIDOR DE ASFALTO | C16: 30021 | D16: 1 | E16: 227.85 | F16: 349 | G16: 3.79 | H16: 6 | I16: =TRUNC(F16*G16*H16) -> 7936
A17: 30030 | B17: USINA MÓVEL PARA MICRO REVESTIMENTO | C17: 30030 | D17: 1 | E17: 627.06 | F17: 349 | G17: 10.45 | H17: 1 | I17: =TRUNC(F17*G17*H17) -> 3647
A18: Rebocados
A19: 30010 | B19: CARREGADEIRA DE PNEUS CAT - 924 H OU EQUIVALENTE | C19: 30105 | D19: 0.5 | E19: 365.15 | F19: 349 | G19: 3.04 | H19: 1 | I19: =TRUNC(F19*G19*H19) -> 1060
A20: 30007 | B20: CARREGADEIRA DE PNEUS CAT - 950 H OU EQUIVALENTE | C20: 30105 | D20: 0.5 | E20: 365.15 | F20: 349 | G20: 3.04 | I20: =TRUNC(F20*G20*H20) -> 0
A21: 30011 | B21: ESCAVADEIRA HIDRÁULICA - 320DL OU EQUIVALENTE | C21: 30105 | D21: 1 | E21: 365.15 | F21: 349 | G21: 6.08 | H21: 1 | I21: =TRUNC(F21*G21*H21) -> 2121
A22: 30057 | B22: ESCAVADEIRA HIDRÁULICA - CAT 323DL OU EQUIVALENTE | C22: 30105 | D22: 1 | E22: 365.15 | F22: 349 | G22: 6.08 | I22: =TRUNC(F22*G22*H22) -> 0
A23: 30019 | B23: FRESADORA A FRIO - W 200 F OU EQUIVALENTE | C23: 30105 | D23: 1 | E23: 365.15 | F23: 349 | G23: 6.08 | H23: 1 | I23: =TRUNC(F23*G23*H23) -> 2121
A24: 30158 | B24: MINI-CARREGADEIRA DE PNEUS COM FRESADORA | C24: 30105 | D24: 0.33 | E24: 365.15 | F24: 349 | G24: 2 | I24: =TRUNC(F24*G24*H24) -> 0
A25: 30058 | B25: MINI-CARREGADEIRA DE PNEUS COM VASSOURA DE 1,8 m | C25: 30105 | D25: 0.33 | E25: 365.15 | F25: 349 | G25: 2 | H25: 1 | I25: =TRUNC(F25*G25*H25) -> 698
A26: 30046 | B26: MOTONIVELADORA - CAT 120K OU EQUIVALENTE | C26: 30105 | D26: 1 | E26: 365.15 | F26: 349 | G26: 6.08 | H26: 1 | I26: =TRUNC(F26*G26*H26) -> 2121
A27: 30170 | B27: PERFURATRIZ HIDRÁULICA SOBRE ESTEIRAS PARA ESTACA RAIZ | C27: 30105 | D27: 1 | E27: 365.15 | F27: 349 | G27: 6.08 | I27: =TRUNC(F27*G27*H27) -> 0
A28: 30029 | B28: PERFURATRIZ SOBRE ESTEIRAS - CRAWLER DRILL OU EQUIVALENTE | C28: 30105 | D28: 0.5 | E28: 365.15 | F28: 349 | G28: 3.04 | I28: =TRUNC(F28*G28*H28) -> 0
A29: 30101 | B29: RECICLADORA DE PAVIMENTO À FRIO - CATERPILLAR RM-500 OU EQUIVALENTE | C29: 30105 | D29: 1 | E29: 365.15 | F29: 349 | G29: 6.08 | H29: 1 | I29: =TRUNC(F29*G29*H29) -> 2121
A30: 30008 | B30: RETRO ESCAVADEIRA DE PNEUS - CATERPILLAR 416E OU EQUIVALENTE | C30: 30105 | D30: 0.5 | E30: 365.15 | F30: 349 | G30: 3.04 | I30: =TRUNC(F30*G30*H30) -> 0
A31: 30015 | B31: ROLO COMPACTADOR DE PNEUS AUTOPROPELIDO - 27 T | C31: 30105 | D31: 0.5 | E31: 365.15 | F31: 349 | G31: 3.04 | H31: 1 | I31: =TRUNC(F31*G31*H31) -> 1060
A32: 30012 | B32: ROLO LISO TANDEN - 6/8 T - CA-150 OU EQUIVALENTE | C32: 30105 | D32: 0.5 | E32: 365.15 | F32: 349 | G32: 3.04 | H32: 1 | I32: =TRUNC(F32*G32*H32) -> 1060
A33: 30014 | B33: ROLO LISO VIBRATÓRIO AUTOPROPELIDO - CS533 E OU EQUIVALENTE | C33: 30105 | D33: 0.5 | E33: 365.15 | F33: 349 | G33: 3.04 | H33: 1 | I33: =TRUNC(F33*G33*H33) -> 1060
A34: 30009 | B34: ROLO PÉ DE CARNEIRO AUTOPROPELIDO - CA 250 OU EQUIVALENTE | C34: 30105 | D34: 0.5 | E34: 365.15 | F34: 349 | G34: 3.04 | H34: 1 | I34: =TRUNC(F34*G34*H34) -> 1060
A35: 30020 | B35: TANQUE DE ESTOCAGEM ASFALTO (30.000L) | C35: 30105 | D35: 1 | E35: 365.15 | F35: 349 | G35: 6.08 | H35: 3 | I35: =TRUNC(F35*G35*H35) -> 6365
A36: 30005 | B36: TRATOR DE PNEUS AGRÍCOLA - MF 4292 OU EQUIVALENTE | C36: 30105 | D36: 0.5 | E36: 365.15 | F36: 349 | G36: 3.04 | H36: 2 | I36: =TRUNC(F36*G36*H36) -> 2121
A37: 30006 | B37: TRATOR DE PNEUS COM ROÇADEIRA | C37: 30105 | D37: 0.5 | E37: 365.15 | F37: 349 | G37: 3.04 | I37: =TRUNC(F37*G37*H37) -> 0
A38: 30001 | B38: TRATOR ESTEIRAS COM LÂMINA - CAT D8 OU EQUIVALENTE | C38: 30105 | D38: 1 | E38: 365.15 | F38: 349 | G38: 6.08 | I38: =TRUNC(F38*G38*H38) -> 0
A39: 30002 | B39: TRATOR ESTEIRAS COM ESCARIFICADOR - CAT D8 OU EQUIVALENTE | C39: 30105 | D39: 1 | E39: 365.15 | F39: 349 | G39: 6.08 | I39: =TRUNC(F39*G39*H39) -> 0
A40: 30059 | B40: TRATOR ESTEIRAS COM LAMINA - CAT D4 OU EQUIVALENTE | C40: 30105 | D40: 0.5 | E40: 365.15 | F40: 349 | G40: 3.04 | I40: =TRUNC(F40*G40*H40) -> 0
A41: 30000 | B41: TRATOR ESTEIRAS COM LAMINA - CAT D6 OU EQUIVALENTE | C41: 30105 | D41: 0.5 | E41: 365.15 | F41: 349 | G41: 3.04 | H41: 1 | I41: =TRUNC(F41*G41*H41) -> 1060
A42: 30025 | B42: USINA DE ASFALTO A QUENTE 80 t/h | C42: 30105 | D42: 3 | E42: 365.15 | F42: 349 | G42: 18.25 | H42: 1 | I42: =TRUNC(F42*G42*H42) -> 6369
A43: 30016 | B43: USINA MISTURADORA DE SOLO 300 t/h | C43: 30105 | D43: 2 | E43: 365.15 | F43: 349 | G43: 12.17 | I43: =TRUNC(F43*G43*H43) -> 0
A44: 30024 | B44: USINA PRÉ-MISTURADO A FRIO 60 t/h | C44: 30105 | D44: 1 | E44: 365.15 | F44: 349 | G44: 6.08 | I44: =TRUNC(F44*G44*H44) -> 0
A45: 30023 | B45: VIBROACABADORA DE ASFALTO SOBRE ESTEIRAS | C45: 30105 | D45: 0.5 | E45: 365.15 | F45: 349 | G45: 3.04 | H45: 1 | I45: =TRUNC(F45*G45*H45) -> 1060
A46: Sub Total de Equipamento (F) : | I46: =SUM(I19:I45)+SUM(I4:I17) -> 86791
A47: Mão de Obra | F47: Percentual mobilizado (G) | G47: Custo (H) | H47: Total de operários (I) | I47: Total (GxHxI)
A48: - | B48: EFETIVO PESSOAL A SER MOBILIZADO | F48: 0.3 | G48: 103.79 | H48: 21 | I48: =TRUNC(F48*G48*H48) -> 653
A49: Sub Total de Mão de Obra (J) : | I49: =I48 -> 653
A50: Custo por Mobilização (K=F+J) : | I50: =I49+I46 -> 87444
G51: ='MOBI GO-210'!G51 -> BDI (L) : | H51: ='Orçamento Sintético GO-301'!C11 -> 0.206 | I51: =I50*H51 -> 18013.464
A52: Preço por Mobilização (M=K+L) : | I52: =I51+I50 -> 105457.46
A53: Total Mobilização / Desmobilização (2xM) : | I53: =I52*2 -> 210914.93
A54: *Distância do canteiro a Goiânia, mínimo de 50 Km.

Sheet CRONOGRAMA GO-301
D1: ='Orçamento Sintético GO-301'!C6 -> ELABORAÇÃO DOS ORÇAMENTOS DAS REABILITAÇÕES FUNCIONAIS GO-301
B3: GOINFRA - Agência Goiana de Infraestrutura e Transportes
B5: CRONOGRAMA FÍSICO - FINANCEIRO
A6: ITEM | B6: ATIVIDADES | C6: VALOR ETAPA | D6: MÊS
D7: 1º MÊS | E7: 2º MÊS | F7: 3º MÊS | G7: 4º MÊS
A8: 1 | B8: ='Orçamento Sintético GO-301'!C15 -> REPAROS LOCALIZADOS SUPERFICIAIS | C8: ='Orçamento Sintético GO-301'!G15 -> 709936.21 | D8: 0.25 | E8: 0.25 | F8: 0.25 | G8: 0.25
D9: =$C$8*D8 -> 177484.05 | E9: =$C$8*E8 -> 177484.05 | F9: =$C$8*F8 -> 177484.05 | G9: =$C$8*G8 -> 177484.05
A10: 2 | B10: ='Orçamento Sintético GO-301'!C29 -> REPAROS LOCALIZADOS PROFUNDOS | C10: ='Orçamento Sintético GO-301'!G29 -> 1186972.3 | D10: 0.25 | E10: 0.25 | F10: 0.25 | G10: 0.25
D11: =$C10*D10 -> 296743.08 | E11: =$C10*E10 -> 296743.08 | F11: =$C10*F10 -> 296743.08 | G11: =$C10*G10 -> 296743.08
A12: 3 | B12: ='Orçamento Sintético GO-301'!C49 -> RECICLAGEM DA BASE COM RECICLADORA E ADIÇÃO DE 20% DE BRITA E 2% DE CIMENTO | C12: ='Orçamento Sintético GO-301'!G49 -> 1536736.4 | D12: 0.25 | E12: 0.25 | F12: 0.25 | G12: 0.25
D13: =$C12*D12 -> 384184.1 | E13: =$C12*E12 -> 384184.1 | F13: =$C12*F12 -> 384184.1 | G13: =$C12*G12 -> 384184.1
A14: 4 | B14: ='Orçamento Sintético GO-301'!C60 -> TRATAMENTO SUPERFICIAL DUPLO - TSD | C14: ='Orçamento Sintético GO-301'!G60 -> 4479046.5 | D14: 0.25 | E14: 0.25 | F14: 0.25 | G14: 0.25
D15: =$C14*D14 -> 1119761.6 | E15: =$C14*E14 -> 1119761.6 | F15: =$C14*F14 -> 1119761.6 | G15: =$C14*G14 -> 1119761.6
A16: 5 | B16: ='Orçamento Sintético GO-301'!C69 -> MICRO REVESTIMENTO - 1 CAMADA | C16: ='Orçamento Sintético GO-301'!G69 -> 5688289.9 | D16: 0.25 | E16: 0.25 | F16: 0.25 | G16: 0.25
D17: =$C16*D16 -> 1422072.5 | E17: =$C16*E16 -> 1422072.5 | F17: =$C16*F16 -> 1422072.5 | G17: =$C16*G16 -> 1422072.5
A18: 6 | B18: ='Orçamento Sintético GO-301'!C75 -> MICRO REVESTIMENTO - 2 CAMADA | C18: ='Orçamento Sintético GO-301'!G75 -> 4858823.3 | D18: 0.25 | E18: 0.25 | F18: 0.25 | G18: 0.25
D19: =$C18*D18 -> 1214705.8 | E19: =$C18*E18 -> 1214705.8 | F19: =$C18*F18 -> 1214705.8 | G19: =$C18*G18 -> 1214705.8
A20: 7 | B20: ='Orçamento Sintético GO-301'!C81 -> SINALIZAÇÃO HORIZONTAL | C20: ='Orçamento Sintético GO-301'!G81 -> 1672334.4 | D20: 0.25 | E20: 0.25 | F20: 0.25 | G20: 0.25
D21: =$C20*D20 -> 418083.59 | E21: =$C20*E20 -> 418083.59 | F21: =$C20*F20 -> 418083.59 | G21: =$C20*G20 -> 418083.59
A22: 8 | B22: ='Orçamento Sintético GO-301'!C83 -> ADMINISTRAÇÃO LOCAL | C22: ='Orçamento Sintético GO-301'!G83 -> 587583.86 | D22: 0.25 | E22: 0.25 | F22: 0.25 | G22: 0.25
D23: =$C22*D22 -> 146895.96 | E23: =$C22*E22 -> 146895.96 | F23: =$C22*F22 -> 146895.96 | G23: =$C22*G22 -> 146895.96
A24: 9 | B24: ='Orçamento Sintético GO-301'!C85 -> CANTEIRO DE OBRA | C24: ='Orçamento Sintético GO-301'!G85 -> 484170.38 | D24: 0.25 | E24: 0.25 | F24: 0.25 | G24: 0.25
D25: =$C24*D24 -> 121042.6 | E25: =$C24*E24 -> 121042.6 | F25: =$C24*F24 -> 121042.6 | G25: =$C24*G24 -> 121042.6
A26: 10 | B26: ='Orçamento Sintético GO-301'!C87 -> MOBILIZAÇÃO | C26: ='Orçamento Sintético GO-301'!G87 -> 210914.93 | D26: 0.5 | E26: 0 | F26: 0 | G26: 0.5
D27: =$C26*D26 -> 105457.46 | E27: =$C26*E26 -> 0 | F27: =$C26*F26 -> 0 | G27: =$C26*G26 -> 105457.46
A28: TOTAL | C28: =SUM(C8:C27) -> 21414808
A29: Percentual Parcial %) | D29: =D30/$G$32 -> 0.25246226 | E29: =E30/$G$32 -> 0.24753774 | F29: =F30/$G$32 -> 0.24753774 | G29: =G30/$G$32 -> 0.25246226
A30: Parcial (R$) | D30: =D27+D25+D23+D21+D19+D17+D15+D13+D11+D9 -> 5406430.8 | E30: =E27+E25+E23+E21+E19+E17+E15+E13+E11+E9 -> 5300973.3 | F30: =F27+F25+F23+F21+F19+F17+F15+F13+F11+F9 -> 5300973.3 | G30: =G27+G25+G23+G21+G19+G17+G15+G13+G11+G9 -> 5406430.8
A31: Percentual Acumulado (%) | D31: =D29 -> 0.25246226 | E31: =D31+E29 -> 0.5 | F31: =E31+F29 -> 0.74753774 | G31: =F31+G29 -> 1
A32: Acumulado (R$) | D32: =D30 -> 5406430.8 | E32: =D32+E30 -> 10707404 | F32: =E32+F30 -> 16008377 | G32: =F32+G30 -> 21414808

Sheet Table T-247
A1: Tabela de
A2: Preços:
A3: TABELA DE TERRAPLENAGEM, PAVIMENTAÇÃO E OBRAS DE ARTE
A4: ESPECIAIS - ABR/24 - SEM DESONERAÇÃO - T247
A5: Data Base: 01/04/2024
A6: Valores com BDI - BDI: 20,60%
A7: Código Auxiliar | B7: Serviço | C7: Unidade | D7: Preço Unitário
A8: 100001 | B8: TERRAPLENAGEM
A9: 40001 | B9: DESMATAMENTO E LIMPEZA - INCLUSO DESTOCAMENTO DE ÁRVORES COM DIÂMETROS MENORES DE 15 cm | C9: m2 | D9: 0.6
A10: 40003 | B10: DESTOCAMENTO DE ÁRVORES COM DIÂMETRO DE 15 A 30 cm | C10: un | D10: 45.04
A11: 40004 | B11: DESTOCAMENTO DE ÁRVORES COM DIÂMETRO MAIOR QUE 30 cm | C11: un | D11: 112.61
A12: 40005 | B12: CARGA DE ENTULHOS | C12: m3 | D12: 2.87
A13: 40006 | B13: TRANSPORTE DE ENTULHOS | C13: m3km | D13: 2.56
A14: 40010 | B14: ESCAVAÇÃO, CARGA E TRANSPORTE DE MATERIAL DE 1ª CATEGORIA ATÉ 50M | C14: m3 | D14: 3.3
A15: 40011 | B15: ESCAVAÇÃO, CARGA E TRANSPORTE DE MATERIAL DE 2ª CATEGORIA ATÉ 50M | C15: m3 | D15: 7.62
A16: 40012 | B16: ESCAVAÇÃO, CARGA E TRANSPORTE DE MATERIAL DE 3ª CATEGORIA ATÉ 50M | C16: m3 | D16: 38.6
A17: 40015 | B17: ESCAV., CARGA E TRANSPORTE DE MAT. 1ª CATEG. - C/ ESCAVADEIRA - (DT: 51 A 200M) | C17: m3 | D17: 8
A18: 40016 | B18: ESCAV., CARGA E TRANSPORTE DE MAT. 1ª CATEG. - C/ ESCAVADEIRA - (DT: 201 A 400M) | C18: m3 | D18: 9.26
A19: 40017 | B19: ESCAV., CARGA E TRANSPORTE DE MAT. 1ª CATEG. - C/ ESCAVADEIRA - (DT: 401 A 600M) | C19: m3 | D19: 9.81
A20: 40018 | B20: ESCAV., CARGA E TRANSPORTE DE MAT. 1ª CATEG. - C/ ESCAVADEIRA - (DT: 601 A 800M) | C20: m3 | D20: 11.02
... A40: 40040 | B40: ESCAV., CARGA E TRANSPORTE DE MAT. 2ª CATEG. - C/ ESCAVADEIRA - (DT: 2.001 A 3 .000M) | C40: m3 | D40: 22.55
A41: SCO - Sistema de Custos e Orçamentos Página: 1 de 11
A42: Código Auxiliar | B42: Serviço | C42: Unidade | D42: Preço Unitário
A43: 40041 | B43: ESCAV., CARGA E TRANSPORTE DE MAT. 2ª CATEG. - C/ ESCAVADEIRA - (DT: 3.001 A 5 .000M) | C43: m3 | D43: 30.12
A44: 40042 | B44: ESCAV., CARGA E TRANSPORTE DE MAT. 2ª CATEG. - C/ ESCAVADEIRA - (DT: 5.001 A 10.000M) | C44: m3 | D44: 42.1
A45: 40045 | B45: ESCAV., CARGA E TRANSP. 1ª CATEG. C/ CARREGADEIRA P/ PEQUENOS MOVIMENTOS DE TERRA - (DT: 51 A 200M) | C45: m3 | D45: 12.84
A46: 40046 | B46: ESCAV., CARGA E TRANSP. 1ª CATEG. C/ CARREGADEIRA P/ PEQUENOS MOVIMENTOS DE TERRA - (DT: 201 A 400M) | C46: m3 | D46: 13.68
A47: 40047 | B47: ESCAV., CARGA E TRANSP. 1ª CATEG. C/ CARREGADEIRA P/ PEQUENOS MOVIMENTOS DE TERRA - (DT: 401 A 600M) | C47: m3 | D47: 14.62
A48: 40048 | B48: ESCAV., CARGA E TRANSP. 1ª CATEG. C/ CARREGADEIRA P/ PEQUENOS MOVIMENTOS DE TERRA - (DT: 601 A 800M) | C48: m3 | D48: 15.4
A49: 40049 | B49: ESCAV., CARGA E TRANSP. 1ª CATEG. C/ CARREGADEIRA P/ PEQUENOS MOVIMENTOS DE TERRA - (DT: 801 A 1.000M) | C49: m3 | D49: 16.41
A50: 40050 | B50: ESCAV., CARGA E TRANSP. 1ª CATEG. C/ CARREGADEIRA P/ PEQUENOS MOVIMENTOS DE TERRA - (DT: 1.001 A 1.200M) | C50: m3 | D50: 17.02
A51: 40051 | B51: ESCAV., CARGA E TRANSP. 1ª CATEG. C/ CARREGADEIRA P/ PEQUENOS MOVIMENTOS DE TERRA - (DT: 1.201 A 1.400M) | C51: m3 | D51: 17.94
A52: 40052 | B52: ESCAV., CARGA E TRANSP. 1ª CATEG. C/ CARREGADEIRA P/ PEQUENOS MOVIMENTOS DE TERRA - (DT: 1.401 A 1.600M) | C52: m3 | D52: 18.39
A53: 40053 | B53: ESCAV., CARGA E TRANSP. 1ª CATEG. C/ CARREGADEIRA P/ PEQUENOS MOVIMENTOS DE TERRA - (DT: 1.601 A 1.800M) | C53: m3 | D53: 18.76
A54: 40054 | B54: ESCAV., CARGA E TRANSP. 1ª CATEG. C/ CARREGADEIRA P/ PEQUENOS MOVIMENTOS DE TERRA - (DT: 1.801 A 2.000M) | C54: m3 | D54: 19.89
... A77: 40081 | B77: ESCAV., CARGA E TRANSP. 3ª CATEG. C/ CARREGADEIRA - (DT: 1.201 A 1.400M) | C77: m3 | D77: 60.17
A78: SCO - Sistema de Custos e Orçamentos Página: 2 de 11
A79: Código Auxiliar | B79: Serviço | C79: Unidade | D79: Preço Unitário
A80: 40082 | B80: ESCAV., CARGA E TRANSP. 3ª CATEG. C/ CARREGADEIRA - (DT: 1.401 A 1.600M) | C80: m3 | D80: 60.78
A81: 40083 | B81: ESCAV., CARGA E TRANSP. 3ª CATEG. C/ CARREGADEIRA - (DT: 1.601 A 1.800M) | C81: m3 | D81: 62.85
A82: 40084 | B82: ESCAV., CARGA E TRANSP. 3ª CATEG. C/ CARREGADEIRA - (DT: 1.801 A 2.000M) | C82: m3 | D82: 63.49
A83: 40085 | B83: ESCAVAÇÃO, CARGA E TRANSPORTE DE SOLO MOLE - C/ ESCAVADEIRA - (DT: 000 A 200M) | C83: m3 | D83: 23.14
A84: 40086 | B84: ESCAVAÇÃO, CARGA E TRANSPORTE DE SOLO MOLE - C/ ESCAVADEIRA - (DT: 201 A 400M) | C84: m3 | D84: 24.14
A85: 40087 | B85: ESCAVAÇÃO, CARGA E TRANSPORTE DE SOLO MOLE - C/ ESCAVADEIRA - (DT: 401 A 600M) | C85: m3 | D85: 24.6
A86: 40088 | B86: ESCAVAÇÃO, CARGA E TRANSPORTE DE SOLO MOLE - C/ ESCAVADEIRA - (DT: 601 A 800M) | C86: m3 | D86: 25.32
A87: 40089 | B87: ESCAVAÇÃO, CARGA E TRANSPORTE DE SOLO MOLE - C/ ESCAVADEIRA - (DT: 801 A 1 .000M) | C87: m3 | D87: 27.42
A88: 40090 | B88: ESCAV. E CARGA 1ª CATEG. - SEM TRANSPORTE | C88: m3 | D88: 2.19
A89: 40091 | B89: ESCAV. E CARGA 2ª CATEG. - SEM TRANSPORTE | C89: m3 | D89: 3.32
A90: 40092 | B90: ESCAV. E CARGA 3ª CATEG. - SEM TRANSPORTE | C90: m3 | D90: 44.95
A91: 40094 | B91: TRANSPORTE LOCAL SOLO MOLE C/ BASCULANTE 6M³ - DMT>1,0KM | C91: m3km | D91: 5.13
... A102: 40145 | B102: ESPALHAMENTO DE MATERIAL EM BOTA-FORA | C102: m3 | D102: 2.12
A103: 100002 | B103: PAVIMENTAÇÃO
A104: 40305 | B104: ACABAMENTO E RECOMPOSIÇÃO DE JAZIDA | C104: m2 | D104: 0.43
A105: 40310 | B105: REGULARIZAÇÃO E COMPACTAÇÃO DO SUB-LEITO | C105: m2 | D105: 2.94
A106: 40315 | B106: ESCAVAÇÃO E CARGA DE MATERIAL DE JAZIDA | C106: m3 | D106: 4.65
A107: 40317 | B107: FORNECIMENTO DE MATERIAL DE JAZIDA (CASCALHO) | C107: m3 | D107: 22.56
A108: 40320 | B108: TRANSPORTE DE MATERIAL DE JAZIDA (CASCALHO) | C108: m3km | D108: 2.83
A109: 40325 | B109: TRANSPORTE DA MISTURA | C109: m3km | D109: 2.83
A110: 40335 | B110: ESTABILIZAÇÃO GRANULOMÉTRICA SEM MISTURA - REF.PROCTOR: 26 GOLPES (100 % P.I.) | C110: m3 | D110: 19.16
A111: 40336 | B111: ESTABILIZAÇÃO GRANULOMÉTRICA SEM MISTURA - REF.PROCTOR: 39 GOLPES (100 % P.IM.) | C111: m3 | D111: 21.57
A112: 40337 | B112: ESTABILIZAÇÃO GRANULOMÉTRICA SEM MISTURA - REF.PROCTOR: 55 GOLPES (100 % P.M.) | C112: m3 | D112: 24.07
A113: 40350 | B113: ESTABILIZAÇÃO SOLO-CIMENTO 2% PESO - PISTA | C113: m3 | D113: 55.09
A114: 40365 | B114: ESTABILIZAÇÃO SOLO-CIMENTO 6% PESO - USINA | C114: m3 | D114: 124.14
A115: 40370 | B115: ESTABILIZAÇÃO SOLO-CIMENTO 4% PESO - PISTA | C115: m3 | D115: 88.73
... A134: 40495 | B134: FORNECIMENTO DE EMULSÃO RR-2C COM POLÍMERO | C134: T | D134: 4281.86
A135: SCO - Sistema de Custos e Orçamentos Página: 3 de 11
A136: Código Auxiliar | B136: Serviço | C136: Unidade | D136: Preço Unitário
A137: 40500 | B137: FORNECIMENTO DE EMULSÃO RL-1C | C137: T | D137: 3637.7
A138: 40501 | B138: FORNECIMENTO DE EMULSÃO RL-1C COM POLÍMERO | C138: T | D138: 4025.78
A139: 40505 | B139: FORNECIMENTO DE EMULSÃO RM-1C | C139: T | D139: 4072.87
A140: 40510 | B140: FORNECIMENTO DE EMULSÃO RR-1C | C140: T | D140: 3394.06
A141: 40511 | B141: FORNECIMENTO DE EMULSÃO RC-1C COM POLÍMERO | C141: t | D141: 4606.98
A142: 40515 | B142: FORNECIMENTO DE CAP-60/85 COM POLÍMERO | C142: T | D142: 6295.73
A143: 40520 | B143: FORNECIMENTO DE CAP-30/45 | C143: t | D143: 4366.07
A144: 40525 | B144: FORNECIMENTO DE CAP-50/70 | C144: T | D144: 4479.15
A145: 40526 | B145: FORNECIMENTO DE CAP-BORRACHA - AB8 | C145: t | D145: 4890.8
A146: 40530 | B146: TRANSPORTE COMERCIAL DE MATERIAL BETUMINOSO | C146: tkm | D146: 1.83
A147: 40601 | B147: ESTABILIZAÇÃO SOLO AREIA 20% PESO - USINA (AC) | C147: m3 | D147: 62.66
A148: 40602 | B148: CONCRETO BETUMINOSO USINADO À QUENTE - CBUQ - FAIXA C | C148: m3 | D148: 482.07
... A169: 42498 | B169: USINAGEM DE CONCRETO BETUMINOSO USINADO À QUENTE - CBUQ - FAIXA B | C169: m3 | D169: 425.05
A170: 100004 | B170: DRENAGEM
A171: 41201 | B171: SARJETA TRIANGULAR DE CONCRETO - STC 150-30 | C171: m | D171: 96.17
A172: 41202 | B172: SARJETA TRIANGULAR DE CONCRETO - STC 125-25 | C172: m | D172: 80.23
A173: 41203 | B173: SARJETA TRIANGULAR DE CONCRETO - STC 100-20 | C173: m | D173: 64.54
A174: 41204 | B174: SARJETA TRIANGULAR DE CONCRETO - STC 80-15 | C174: m | D174: 51.72
A175: 41205 | B175: SARJETA TRIANGULAR DE CONCRETO - STC 150-32 | C175: m | D175: 98.81
A176: 41206 | B176: SARJETA TRIANGULAR DE CONCRETO - STC 125-27 | C176: m | D176: 82.64
A177: 41207 | B177: SARJETA TRIANGULAR DE CONCRETO - STC 100-21 | C177: m | D177: 66.06
A178: 41208 | B178: SARJETA TRIANGULAR DE CONCRETO - STC 80-17 | C178: m | D178: 53.35
A179: 41209 | B179: SARJETA TRIANGULAR DE CONCRETO - STC 108-25 | C179: m | D179: 75.18
A180: 41210 | B180: SARJETA TRIANGULAR DE CONCRETO - STC 88-20 | C180: m | D180: 60.8
A181: 41211 | B181: SARJETA TRIANGULAR DE CONCRETO - STC 73-15 | C181: m | D181: 49.3
A182: 41216 | B182: SARJETA TRIANGULAR DE GRAMA - STG 125-25 | C182: m | D182: 24.86
... A198: 41303 | B198: DRENO PROFUNDO, CORTE EM SOLO PVC - DPS01 (EXCETO ESCAVAÇÃO) (AC) | C198: m | D198: 127.83
A199: SCO - Sistema de Custos e Orçamentos Página: 4 de 11
A200: Código Auxiliar | B200: Serviço | C200: Unidade | D200: Preço Unitário
A201: 41304 | B201: DRENO PROFUNDO, CORTE EM SOLO PVC - DPS02 (EXCETO ESCAVAÇÃO) (AC) | C201: m | D201: 136.9
A202: 41305 | B202: DRENO PROFUNDO, CORTE EM SOLO PEAD - DPS11 (ANTIGO DPS03) (EXCETO ESCAVAÇÃO) (AC/BC) | C202: m | D202: 164.88
A203: 41306 | B203: DRENO PROFUNDO, CORTE EM SOLO PEAD - DPS12 (ANTIGO DPS04) (EXCETO ESCAVAÇÃO) (AC/BC) | C203: m | D203: 175.76
A204: 41307 | B204: DRENO CEGO, CORTE EM SOLO - DPS05 (EXCETO ESCAVAÇÃO) (BC) | C204: m | D204: 117.12
...
